Workbook

Sheet PRESUPUESTO 
A1: PRESUPUESTO
C4: FUENTES DE RECURSOS
C5: ENTIDAD APORTANTE | F5: PRE INVERSION - INVERSION
F6: 2026
C7: DEPARTAMENTO
C8: SGP MUNICIPIOS - ALIMENTACIÓN ESCOLAR | F8: 10241795267 | H8: 57628337414
C9: NACION (GIRO DE RECURSOS UAPA) | F9: 97109511768 | H9: =G16-H8 -> 49722969621
C10: OTROS
C11: TOTAL | F11: =SUM(F8:F10) -> 107351307035
A14: DISTRIBUCIÓN DE RECURSOS POR ACTIVIDAD.
A15: FUENTE | B15: ACTIVIDADES | F15: Subtotal | G15: Total
A16: SGP-ALIMENTACIÓN ESCOLAR - PGN/UAPA | B16: 1. Suministrar complementos alimentarios en los EE oficiales priorizados de los 41 municipios no certificados | F16: ='1,1COMPLPORZONA'!W137 -> 100730477535 | G16: =SUM(F16:F19) -> 107351307035
A17: PGN/UAPA | B17: 2. Suministra canastas de alimentos en receso escolar | F17: =E49 -> 4785706400
A18: PGN/UAPA | B18: 3. Seguimiento, Monitoreo y control a la ejecución | D18: Mano de obra calificada | F18: =F194 -> 1489152000
A19: PGN/UAPA | D19: Gastos de transporte y Hospedaje | F19: ='1.3 SEGUMIENTO MyC'!L65 -> 345971100 | I19: =SUM(F18:F19) -> 1835123100 | J19: =I19/12 -> 152926925
A21: PRESUPUESTO DE RECURSOS POR ZONA
A22: ZONA | B22: POBLACIÓN | C22: MODALIDAD | D22: Cupos | E22: Plazo en días | F22: TOTAL | G22: No de complemento
A23: CENTRO | B23: MAYORITARIA | C23: CAJM-TPS, CAJM-T RI, CCT | D23: 17963 | E23: ='1,1COMPLPORZONA'!Q137 -> 129 | F23: ='1,1COMPLPORZONA'!W21+'1,1COMPLPORZONA'!W35+'1,1COMPLPORZONA'!W36+'1,1COMPLPORZONA'!W67+'1,1COMPLPORZONA'!W68+'1,1COMPLPORZONA'!W84+'1,1COMPLPORZONA'!W109+'1,1COMPLPORZONA'!W115 -> 9467200608 | G23: =D23*E23 -> 2317227
B24: MAYORITARIA | C24: CAA | D24: 2600 | E24: =$E$23 -> 129 | F24: ='1,1COMPLPORZONA'!W22+'1,1COMPLPORZONA'!W37+'1,1COMPLPORZONA'!W69+'1,1COMPLPORZONA'!W85+'1,1COMPLPORZONA'!W110+'1,1COMPLPORZONA'!W116 -> 2029090020 | G24: =D24*E24 -> 335400
B25: INDIGENA | C25: CAJM-TPS. | D25: 9351 | E25: =$E$23 -> 129 | F25: ='1,1COMPLPORZONA'!W38+'1,1COMPLPORZONA'!W70+'1,1COMPLPORZONA'!W71+'1,1COMPLPORZONA'!W72+'1,1COMPLPORZONA'!W73+'1,1COMPLPORZONA'!W77+'1,1COMPLPORZONA'!W86+'1,1COMPLPORZONA'!W111+'1,1COMPLPORZONA'!W112+'1,1COMPLPORZONA'!W113+'1,1COMPLPORZONA'!W117 -> 7561326099 | G25: =D25*E25 -> 1206279
B26: INDIGENA | C26: CAA | D26: 426 | E26: =$E$23 -> 129 | F26: ='1,1COMPLPORZONA'!W114 -> 319227786 | G26: =D26*E26 -> 54954
A27: COSTA | B27: MAYORITARIA | C27: CAJM-TPS, CAJM-T RI, CCT | D27: 6158 | E27: =$E$23 -> 129 | F27: ='1,1COMPLPORZONA'!W41+'1,1COMPLPORZONA'!W42+'1,1COMPLPORZONA'!W56+'1,1COMPLPORZONA'!W57+'1,1COMPLPORZONA'!W126 -> 3780413886 | G27: =D27*E27 -> 794382
B28: MAYORITARIA | C28: CAA | D28: 2924 | E28: =$E$23 -> 129 | F28: ='1,1COMPLPORZONA'!W43+'1,1COMPLPORZONA'!W127 -> 2294792481 | G28: =D28*E28 -> 377196
B29: INDIGENA | C29: CAJM-TPS. | D29: 2210 | E29: =$E$23 -> 129 | F29: ='1,1COMPLPORZONA'!W58+'1,1COMPLPORZONA'!W128+'1,1COMPLPORZONA'!W129 -> 1637271870 | G29: =D29*E29 -> 285090
A30: MACIZO | B30: MAYORITARIA | C30: CAJM-TPS, CAJM-T RI, CCT | D30: 9805 | E30: =$E$23 -> 129 | F30: ='1,1COMPLPORZONA'!W4+'1,1COMPLPORZONA'!W47+'1,1COMPLPORZONA'!W50+'1,1COMPLPORZONA'!W51+'1,1COMPLPORZONA'!W81+'1,1COMPLPORZONA'!W93+'1,1COMPLPORZONA'!W95+'1,1COMPLPORZONA'!W99+'1,1COMPLPORZONA'!W123 -> 5818461150 | G30: =D30*E30 -> 1264845
B31: MAYORITARIA | C31: CAA | D31: 2305 | E31: =$E$23 -> 129 | F31: ='1,1COMPLPORZONA'!W5+'1,1COMPLPORZONA'!W48+'1,1COMPLPORZONA'!W52+'1,1COMPLPORZONA'!W82+'1,1COMPLPORZONA'!W94+'1,1COMPLPORZONA'!W96+'1,1COMPLPORZONA'!W100+'1,1COMPLPORZONA'!W124 -> 1790600109 | G31: =D31*E31 -> 297345
B32: INDIGENA | C32: CAJM-TPS. | D32: 1625 | E32: =$E$23 -> 129 | F32: ='1,1COMPLPORZONA'!W6+'1,1COMPLPORZONA'!W49+'1,1COMPLPORZONA'!W53+'1,1COMPLPORZONA'!W83+'1,1COMPLPORZONA'!W97+'1,1COMPLPORZONA'!W101+'1,1COMPLPORZONA'!W125 -> 1139230347 | G32: =D32*E32 -> 209625
B33: INDIGENA | C33: CAA | D33: 544 | E33: =$E$23 -> 129 | F33: ='1,1COMPLPORZONA'!W54+'1,1COMPLPORZONA'!W55+'1,1COMPLPORZONA'!W98 -> 513343245 | G33: =D33*E33 -> 70176
A34: NORTE | B34: MAYORITARIA | C34: CAJM-TPS, CAJM-T RI, CCT | D34: 21590 | E34: =$E$23 -> 129 | F34: ='1,1COMPLPORZONA'!W16+'1,1COMPLPORZONA'!W23+'1,1COMPLPORZONA'!W28+'1,1COMPLPORZONA'!W31+'1,1COMPLPORZONA'!W32+'1,1COMPLPORZONA'!W61+'1,1COMPLPORZONA'!W102+'1,1COMPLPORZONA'!W103+'1,1COMPLPORZONA'!W118 -> 10362482796 | G34: =D34*E34 -> 2785110
B35: MAYORITARIA | C35: CAA | D35: 3749 | E35: =$E$23 -> 129 | F35: ='1,1COMPLPORZONA'!W17+'1,1COMPLPORZONA'!W24+'1,1COMPLPORZONA'!W29+'1,1COMPLPORZONA'!W33+'1,1COMPLPORZONA'!W62+'1,1COMPLPORZONA'!W104+'1,1COMPLPORZONA'!W119 -> 2708269473 | G35: =D35*E35 -> 483621
B36: CON. COMUNITARIOS | C36: CAJM-TPS. | D36: 11244 | E36: =$E$23 -> 129 | F36: ='1,1COMPLPORZONA'!W40+'1,1COMPLPORZONA'!W63+'1,1COMPLPORZONA'!W74+'1,1COMPLPORZONA'!W88+'1,1COMPLPORZONA'!W135 -> 5505718968 | G36: =D36*E36 -> 1450476
B37: CON. COMUNITARIOS | C37: CAA | D37: 969 | E37: =$E$23 -> 129 | F37: ='1,1COMPLPORZONA'!W64+'1,1COMPLPORZONA'!W75+'1,1COMPLPORZONA'!W89+'1,1COMPLPORZONA'!W136 -> 740744445 | G37: =D37*E37 -> 125001
B38: INDIGENA | C38: CAJM-TPS. | D38: 22174 | E38: =$E$23 -> 129 | F38: ='1,1COMPLPORZONA'!W18+'1,1COMPLPORZONA'!W19+'1,1COMPLPORZONA'!W20+'1,1COMPLPORZONA'!W25+'1,1COMPLPORZONA'!W26+'1,1COMPLPORZONA'!W27+'1,1COMPLPORZONA'!W30+'1,1COMPLPORZONA'!W34+'1,1COMPLPORZONA'!W65+'1,1COMPLPORZONA'!W87+'1,1COMPLPORZONA'!W105+'1,1COMPLPORZONA'!W106+'1,1COMPLPORZONA'!W107+'1,1COMPLPORZONA'!W108+'1,1COMPLPORZONA'!W120+'1,1COMPLPORZONA'!W130 -> 15898059201 | G38: =D38*E38 -> 2860446
B39: INDIGENA | C39: CAA | D39: 66 | E39: =$E$23 -> 129 | F39: ='1,1COMPLPORZONA'!W66 -> 49738788 | G39: =D39*E39 -> 8514
A40: ORIENTE | B40: INDIGENA | C40: CAJM-TPS. | D40: 23587 | E40: =$E$23 -> 129 | F40: ='1,1COMPLPORZONA'!W44+'1,1COMPLPORZONA'!W46+'1,1COMPLPORZONA'!W76+'1,1COMPLPORZONA'!W90+'1,1COMPLPORZONA'!W92+'1,1COMPLPORZONA'!W131+'1,1COMPLPORZONA'!W132+'1,1COMPLPORZONA'!W134 -> 15029725371 | G40: =D40*E40 -> 3042723
B41: INDIGENA | C41: CAA | D41: 2077 | E41: =$E$23 -> 129 | F41: ='1,1COMPLPORZONA'!W45+'1,1COMPLPORZONA'!W78+'1,1COMPLPORZONA'!W91+'1,1COMPLPORZONA'!W133 -> 1565912037 | G41: =D41*E41 -> 267933
A42: SUR | B42: MAYORITARIA | C42: CAJM-TPS, CAJM-T RI, CCT | D42: 17228 | E42: =$E$23 -> 129 | F42: ='1,1COMPLPORZONA'!W7+'1,1COMPLPORZONA'!W9+'1,1COMPLPORZONA'!W10+'1,1COMPLPORZONA'!W12+'1,1COMPLPORZONA'!W14+'1,1COMPLPORZONA'!W39+'1,1COMPLPORZONA'!W59+'1,1COMPLPORZONA'!W79+'1,1COMPLPORZONA'!W121 -> 9916953303 | G42: =D42*E42 -> 2222412
B43: MAYORITARIA | C43: CAA | D43: 3191 | E43: =$E$23 -> 129 | F43: ='1,1COMPLPORZONA'!W8+'1,1COMPLPORZONA'!W11+'1,1COMPLPORZONA'!W13+'1,1COMPLPORZONA'!W60+'1,1COMPLPORZONA'!W80+'1,1COMPLPORZONA'!W122 -> 2375059377 | G43: =D43*E43 -> 411639
B44: INDIGENA | C44: CAJM-TPS. | D44: 325 | E44: =$E$23 -> 129 | F44: ='1,1COMPLPORZONA'!W15 -> 226856175 | G44: =D44*E44 -> 41925
D45: =SUM(D23:D44) -> 162111 | E45: =E23 -> 129 | F45: =SUM(F23:F44) -> 100730477535 | G45: =SUM(G23:G44) -> 20912319
A47: SUMINSITRO DE CANASTAS DE ALIMENTOS EN RECESO ESCOLAR
C48: BENEFICIARIOS | D48: VALOR CANASTA | E48: VALOS ASIGNADO
C49: 36644 | D49: 130600 | E49: =D49*C49 -> 4785706400
A51: PRESUPUESTO DE RECURSOS POR POBLACIÓN Y MUNICIPIO
A52: ZONA | B52: MUNICIPIO | C52: POBLACIÓN | D52: TIPO/MODALIDAD DE COMPLEMENTO | E52: BENEF./ CUPOS | F52: No COMPL. A ENTREGAR | G52: SUBTOTALES
A54: MACIZO | B54: ALMAGUER | C54: MAYORITARIA | D54: CAJM-TPS, CAJM-TRI, CCT | E54: 843 | F54: =$E$45*E54 -> 108747 | G54: ='1,1COMPLPORZONA'!W4 -> 499040241
A55: MACIZO | B55: ALMAGUER | C55: MAYORITARIA | D55: CAA | E55: 684 | F55: =$E$45*E55 -> 88236 | G55: ='1,1COMPLPORZONA'!W5 -> 501077796
A56: MACIZO | B56: ALMAGUER | C56: INDIGENA- CAQUIONA-CRIC | D56: CAJM-TPS. | E56: 348 | F56: =$E$45*E56 -> 44892 | G56: ='1,1COMPLPORZONA'!W6 -> 242910612
A57: SUR | B57: ARGELIA | C57: MAYORITARIA | D57: CAJM-TPS, CAJM-TRI, CCT | E57: 4510 | F57: =$E$45*E57 -> 581790 | G57: ='1,1COMPLPORZONA'!W7 -> 2585730180
A58: SUR | B58: ARGELIA | C58: MAYORITARIA | D58: CAA | E58: 267 | F58: =$E$45*E58 -> 34443 | G58: ='1,1COMPLPORZONA'!W8 -> 219884112
A59: SUR | B59: BALBOA | C59: MAYORITARIA | D59: CAJM-TPS, CAJM-TRI, CCT | E59: 2884 | F59: =$E$45*E59 -> 372036 | G59: ='1,1COMPLPORZONA'!W9+'1,1COMPLPORZONA'!W10 -> 1678252848
A60: SUR | B60: BALBOA | C60: MAYORITARIA | D60: CAA | E60: 56 | F60: =$E$45*E60 -> 7224 | G60: ='1,1COMPLPORZONA'!W11 -> 46118016
A61: SUR | B61: BOLIVAR | C61: MAYORITARIA | D61: CAJM-TPS, CAJM-TRI, CCT | E61: 2779 | F61: =$E$45*E61 -> 358491 | G61: ='1,1COMPLPORZONA'!W12+'1,1COMPLPORZONA'!W14 -> 1579595841
A62: SUR | B62: BOLIVAR | C62: MAYORITARIA | D62: CAA | E62: 1144 | F62: =$E$45*E62 -> 147576 | G62: ='1,1COMPLPORZONA'!W13 -> 859186440
A63: SUR | B63: BOLIVAR | C63: INDIGENA-CRIC | D63: CAJM-TPS. | E63: 325 | F63: =$E$45*E63 -> 41925 | G63: ='1,1COMPLPORZONA'!W15 -> 226856175
A64: NORTE | B64: BUENOS AIRES | C64: MAYORITARIA | D64: CAJM-TPS, CAJM-TRI, CCT | E64: 2562 | F64: =$E$45*E64 -> 330498 | G64: ='1,1COMPLPORZONA'!W16 -> 1215222828
A65: NORTE | B65: BUENOS AIRES | C65: MAYORITARIA | D65: CAA | E65: 302 | F65: =$E$45*E65 -> 38958 | G65: ='1,1COMPLPORZONA'!W17 -> 227497047
A66: NORTE | B66: BUENOS AIRES | C66: INDIGENA- DELICIAS-CRIC | D66: CAJM-TPS. | E66: 696 | F66: =$E$45*E66 -> 89784 | G66: ='1,1COMPLPORZONA'!W18 -> 485821224
A67: NORTE | B67: BUENOS AIRES | C67: INDIGENA-GUADUALTIO-CRIC | D67: CAJM-TPS. | E67: 358 | F67: =$E$45*E67 -> 46182 | G67: ='1,1COMPLPORZONA'!W19 -> 249890802
A68: NORTE | B68: BUENOS AIRES | C68: INDIGENA-GUAMBIA | D68: CAJM-TPS. | E68: 207 | F68: =$E$45*E68 -> 26703 | G68: ='1,1COMPLPORZONA'!W20 -> 143795655
A69: CENTRO | B69: CAJIBIO | C69: MAYORITARIA | D69: CAJM-TPS, CAJM-TRI, CCT | E69: 4776 | F69: =$E$45*E69 -> 616104 | G69: ='1,1COMPLPORZONA'!W21 -> 2518389729
A70: CENTRO | B70: CAJIBIO | C70: MAYORITARIA | D70: CAA | E70: 927 | F70: =$E$45*E70 -> 119583 | G70: ='1,1COMPLPORZONA'!W22 -> 714707730
A71: NORTE | B71: CALDONO | C71: MAYORITARIA | D71: CAJM-TPS, CAJM-TRI, CCT | E71: 406 | F71: =$E$45*E71 -> 52374 | G71: ='1,1COMPLPORZONA'!W23 -> 200827845
A72: NORTE | B72: CALDONO | C72: MAYORITARIA | D72: CAA | E72: 1268 | F72: =$E$45*E72 -> 163572 | G72: ='1,1COMPLPORZONA'!W24 -> 907256355
A73: NORTE | B73: CALDONO | C73: INDIGENA--UKAWES-CRIC | D73: CAJM-TPS. | E73: 6406 | F73: =$E$45*E73 -> 826374 | G73: ='1,1COMPLPORZONA'!W25+'1,1COMPLPORZONA'!W26 -> 4471509714
A74: NORTE | B74: CALDONO | C74: INDIGENA-GUAMBIA | D74: CAJM-TPS. | E74: 233 | F74: =$E$45*E74 -> 30057 | G74: ='1,1COMPLPORZONA'!W27 -> 161856945
A75: NORTE | B75: CALOTO | C75: MAYORITARIA | D75: CAJM-TPS, CAJM-TRI, CCT | E75: 1973 | F75: =$E$45*E75 -> 254517 | G75: ='1,1COMPLPORZONA'!W28 -> 945210864
A76: NORTE | B76: CALOTO | C76: MAYORITARIA | D76: CAA | E76: 255 | F76: =$E$45*E76 -> 32895 | G76: ='1,1COMPLPORZONA'!W29 -> 198521325
A77: NORTE | B77: CALOTO | C77: INDIGENA-HUELLAS-CRIC | D77: CAJM-TPS. | E77: 1697 | F77: =$E$45*E77 -> 218913 | G77: ='1,1COMPLPORZONA'!W30 -> 1184538243
A78: NORTE | B78: CORINTO | C78: MAYORITARIA | D78: CAJM-TPS, CAJM-TRI, CCT | E78: 1882 | F78: =$E$45*E78 -> 242778 | G78: ='1,1COMPLPORZONA'!W31+'1,1COMPLPORZONA'!W32 -> 882365160
A79: NORTE | B79: CORINTO | C79: MAYORITARIA | D79: CAA | E79: 560 | F79: =$E$45*E79 -> 72240 | G79: ='1,1COMPLPORZONA'!W33 -> 416138520
A80: NORTE | B80: CORINTO | C80: INDIGENA-PAEZ-DE CORINTO-CRIC | D80: CAJM-TPS. | E80: 1191 | F80: =$E$45*E80 -> 153639 | G80: ='1,1COMPLPORZONA'!W34 -> 831340629
A81: CENTRO | B81: EL TAMBO | C81: MAYORITARIA | D81: CAJM-TPS, CAJM-TRI, CCT | E81: 3920 | F81: =$E$45*E81 -> 505680 | G81: ='1,1COMPLPORZONA'!W35+'1,1COMPLPORZONA'!W36 -> 2080682667
A82: CENTRO | B82: EL TAMBO | C82: MAYORITARIA | D82: CAA | E82: 331 | F82: =$E$45*E82 -> 42699 | G82: ='1,1COMPLPORZONA'!W37 -> 273343647
A83: CENTRO | B83: EL TAMBO | C83: INDIGENA-UT-CRIC | D83: CAJM-TPS. | E83: 338 | F83: =$E$45*E83 -> 43602 | G83: ='1,1COMPLPORZONA'!W38 -> 235930422
A84: SUR | B84: FLORENCIA | C84: MAYORITARIA | D84: CAJM-TPS, CAJM-TRI, CCT | E84: 826 | F84: =$E$45*E84 -> 106554 | G84: ='1,1COMPLPORZONA'!W39 -> 481512495
A85: NORTE | B85: GUACHENE | C85: MAYORITARIA | D85: CAJM-TPS, CAJM-TRI, CCT | E85: 1871 | F85: =$E$45*E85 -> 241359 | G85: ='1,1COMPLPORZONA'!W40 -> 897773823
A86: COSTA | B86: GUAPI | C86: MAYORITARIA | D86: CAJM-TPS, CAJM-TRI, CCT | E86: 2190 | F86: =$E$45*E86 -> 282510 | G86: ='1,1COMPLPORZONA'!W41+'1,1COMPLPORZONA'!W42 -> 1339749753
A87: COSTA | B87: GUAPI | C87: MAYORITARIA | D87: CAA | E87: 2469 | F87: =$E$45*E87 -> 318501 | G87: ='1,1COMPLPORZONA'!W43 -> 1906755321
A88: ORIENTE | B88: INZA | C88: INDIGENA-CRIC | D88: CAJM-TPS. | E88: 6325 | F88: =$E$45*E88 -> 815925 | G88: ='1,1COMPLPORZONA'!W44 -> 4414970175
A89: ORIENTE | B89: INZA | C89: INDIGENA-CRIC | D89: CAA | E89: 89 | F89: =$E$45*E89 -> 11481 | G89: ='1,1COMPLPORZONA'!W45 -> 67416432
A90: ORIENTE | B90: JAMBALO | C90: INDIGENA-CRIC | D90: CAJM-TPS. | E90: 3380 | F90: =$E$45*E90 -> 436020 | G90: ='1,1COMPLPORZONA'!W46 -> 2359304220
A91: MACIZO | B91: LA SIERRA | C91: MAYORITARIA | D91: CAJM-TPS, CAJM-TRI, CCT | E91: 1113 | F91: =$E$45*E91 -> 143577 | G91: ='1,1COMPLPORZONA'!W47 -> 674981535
A92: MACIZO | B92: LA SIERRA | C92: MAYORITARIA | D92: CAA | E92: 192 | F92: =$E$45*E92 -> 24768 | G92: ='1,1COMPLPORZONA'!W48 -> 150722439
A93: MACIZO | B93: LA SIERRA | C93: INDIGENA-PMY-CRIC | D93: CAJM-TPS. | E93: 201 | F93: =$E$45*E93 -> 25929 | G93: ='1,1COMPLPORZONA'!W49 -> 140301819
A94: MACIZO | B94: LA VEGA | C94: MAYORITARIA | D94: CAJM-TPS, CAJM-TRI, CCT | E94: 1628 | F94: =$E$45*E94 -> 210012 | G94: ='1,1COMPLPORZONA'!W50+'1,1COMPLPORZONA'!W51 -> 972088272
A95: MACIZO | B95: LA VEGA | C95: MAYORITARIA | D95: CAA | E95: 159 | F95: =$E$45*E95 -> 20511 | G95: ='1,1COMPLPORZONA'!W52 -> 131578065
A96: MACIZO | B96: LA VEGA | C96: INDIGENA-PMY-CRIC | D96: CAJM-TPS. | E96: 137 | F96: =$E$45*E96 -> 17673 | G96: ='1,1COMPLPORZONA'!W53 -> 95628603
A97: MACIZO | B97: LA VEGA | C97: INDIGENA-PMY-CRIC | D97: CAA | E97: 135 | F97: =$E$45*E97 -> 17415 | G97: ='1,1COMPLPORZONA'!W54 -> 130995630
A98: MACIZO | B98: LA VEGA | C98: INDIGENA-GUACHICONO-CRIC | D98: CAA | E98: 297 | F98: =$E$45*E98 -> 38313 | G98: ='1,1COMPLPORZONA'!W55 -> 273669759
A99: COSTA | B99: LÓPEZ | C99: MAYORITARIA | D99: CAJM-TPS, CAJM-TRI, CCT | E99: 2172 | F99: =$E$45*E99 -> 280188 | G99: ='1,1COMPLPORZONA'!W56+'1,1COMPLPORZONA'!W57 -> 1315790712
A100: COSTA | B100: LÓPEZ | C100: INDIGENA-AZBESCAC-CRIC | D100: CAJM-TPS. | E100: 681 | F100: =$E$45*E100 -> 87849 | G100: ='1,1COMPLPORZONA'!W58 -> 504516807
A101: SUR | B101: MERCADERES | C101: MAYORITARIA | D101: CAJM-TPS, CAJM-TRI, CCT | E101: 1950 | F101: =$E$45*E101 -> 251550 | G101: ='1,1COMPLPORZONA'!W59 -> 1121066373
A102: SUR | B102: MERCADERES | C102: MAYORITARIA | D102: CAA | E102: 20 | F102: =$E$45*E102 -> 2580 | G102: ='1,1COMPLPORZONA'!W60 -> 16470720
A103: NORTE | B103: MIRANDA | C103: MAYORITARIA | D103: CAJM-TPS, CAJM-TRI, CCT | E103: 2470 | F103: =$E$45*E103 -> 318630 | G103: ='1,1COMPLPORZONA'!W61 -> 1187959581
A104: NORTE | B104: MIRANDA | C104: MAYORITARIA | D104: CAA | E104: 98 | F104: =$E$45*E104 -> 12642 | G104: ='1,1COMPLPORZONA'!W62 -> 76294470
A105: NORTE | B105: MIRANDA | C105: CONSEJO COMUNITARIO | D105: CAJM-TPS. | E105: 882 | F105: =$E$45*E105 -> 113778 | G105: ='1,1COMPLPORZONA'!W63 -> 432685608
A106: NORTE | B106: MIRANDA | C106: CONSEJO COMUNITARIO | D106: CAA | E106: 148 | F106: =$E$45*E106 -> 19092 | G106: ='1,1COMPLPORZONA'!W64 -> 114838380
A107: NORTE | B107: MIRANDA | C107: INDIGENA-CILIA-CRIC | D107: CAJM-TPS. | E107: 490 | F107: =$E$45*E107 -> 63210 | G107: ='1,1COMPLPORZONA'!W65 -> 342029310
A108: NORTE | B108: MIRANDA | C108: INDIGENA-CILIA-CRIC | D108: CAA | E108: 66 | F108: =$E$45*E108 -> 8514 | G108: ='1,1COMPLPORZONA'!W66 -> 49738788
...

Sheet 1,1 SUMINISTRAR COM. PRE UNI. 
B1: COSTO UNITARIO COMPLEMENTOS POR ZONA DE OPERACIÓN
B3: COMPLEMENTO 2026 | L3: ALMUERZO 2025
B4: CENTRO | L4: ALMUERZO-CENTRO
B5: COMPONENTES | D5: % | E5: PRE ESCOLAR | F5: GRADO 1,2,3 | G5: GRADO 4, 5 | H5: SECUN. | I5: MEDIA Y COMPLEM. | J5: PROMEDIO | L5: COMPONENTES | N5: % | O5: PRE ESCOLAR | P5: GRADO 1,2,3 | Q5: GRADO 4, 5 | R5: SECUN. | S5: MEDIA Y COMPLEM. | T5: PROMEDIO
B7: ALIMENTOS | D7: =J7/J13 -> 0.54929234 | E7: 1755 | F7: 1937 | G7: 2196 | H7: 2529 | I7: 2838 | J7: =AVERAGE(E7:I7) -> 2251 | L7: ALIMENTOS | N7: =T7/T13 -> 0.56286413 | O7: 2286 | P7: 2670 | Q7: 3016 | R7: 3597 | S7: 4082 | T7: =AVERAGE(O7:S7) -> 3130.2
B8: RECURSO HUMANO | D8: =J8/J13 -> 0.215959 | E8: 885 | F8: 885 | G8: 885 | H8: 885 | I8: 885 | J8: =AVERAGE(E8:I8) -> 885 | L8: RECURSO HUMANO | N8: =T8/T13 -> 0.25623966 | O8: 1425 | P8: 1425 | Q8: 1425 | R8: 1425 | S8: 1425 | T8: =AVERAGE(O8:S8) -> 1425
B9: COMBUSTIBLE/ SERVICIOS PÚBLICOS | D9: =J9/J13 -> 0.047584187 | E9: 195 | F9: 195 | G9: 195 | H9: 195 | I9: 195 | J9: =AVERAGE(E9:I9) -> 195 | K9: =186*1.05 -> 195.3 | L9: COMBUSTIBLE/ SERVICIOS PÚBLICOS | N9: =T9/T13 -> 0.037402 | O9: 208 | P9: 208 | Q9: 208 | R9: 208 | S9: 208 | T9: =AVERAGE(O9:S9) -> 208 | U9: =199*1.05 -> 208.95
B10: TRANSPORTE | D10: =J10/J13 -> 0.05636896 | E10: 231 | F10: 231 | G10: 231 | H10: 231 | I10: 231 | J10: =AVERAGE(E10:I10) -> 231 | K10: =J10*1.05 -> 242.55 | L10: TRANSPORTE | N10: =T10/T13 -> 0.042436884 | O10: 236 | P10: 236 | Q10: 236 | R10: 236 | S10: 236 | T10: =AVERAGE(O10:S10) -> 236 | U10: =225*1.05 -> 236.25
B11: SANEAMIENTO | D11: =J11/J13 -> 0.021961933 | E11: 90 | F11: 90 | G11: 90 | H11: 90 | I11: 90 | J11: =AVERAGE(E11:I11) -> 90 | K11: =85*1.05 -> 89.25 | L11: SANEAMIENTO | N11: =T11/T13 -> 0.017801913 | O11: 99 | P11: 99 | Q11: 99 | R11: 99 | S11: 99 | T11: =AVERAGE(O11:S11) -> 99 | U11: =95*1.05 -> 99.75
B12: GASTOS ADMINISTRATIVOS Recurso Humano (personal administrativo, supervisores, coordinador, auxiliares), papeleria,, Capacitación, certificación de aptitud, dotación.etc. | D12: =J12/J13 -> 0.10883358 | E12: 446 | F12: 446 | G12: 446 | H12: 446 | I12: 446 | J12: =AVERAGE(E12:I12) -> 446 | K12: =410*1.09 -> 446.9 | L12: GASTOS ADMINISTRATIVOS Recurso Humano (personal administrativo, supervisores, coordinador, auxiliares), papeleria, polizas, Capacitación, certificación de aptitud, dotación de personal, etc. | N12: =T12/T13 -> 0.083255413 | O12: 463 | P12: 463 | Q12: 463 | R12: 463 | S12: 463 | T12: =AVERAGE(O12:S12) -> 463 | U12: =425*1.09 -> 463.25
B13: SUBTOTAL | D13: 1 | E13: =SUM(E7:E12) -> 3602 | F13: =SUM(F7:F12) -> 3784 | G13: =SUM(G7:G12) -> 4043 | H13: =SUM(H7:H12) -> 4376 | I13: =SUM(I7:I12) -> 4685 | J13: =AVERAGE(E13:I13) -> 4098 | L13: SUBTOTAL | N13: 1 | O13: =SUM(O6:O12) -> 4717 | P13: =SUM(P6:P12) -> 5101 | Q13: =SUM(Q6:Q12) -> 5447 | R13: =SUM(R6:R12) -> 6028 | S13: =SUM(S6:S12) -> 6513 | T13: =AVERAGE(O13:S13) -> 5561.2
B15: COSTA | L15: ALMUERZO-COSTA
B16: COMPONENTES | D16: % | E16: PRE ESCOLAR | F16: GRADO 1,2,3 | G16: GRADO 4, 5 | H16: SECUN. | I16: MEDIA Y COMPLEM. | J16: PROMEDIO | L16: COMPONENTES | N16: % | O16: PRE ESCOLAR | P16: GRADO 1,2,3 | Q16: GRADO 4, 5 | R16: SECUN. | S16: MEDIA Y COMPLEM. | T16: PROMEDIO
B18: ALIMENTOS | D18: =J18/J24 -> 0.5565609 | E18: 1970 | F18: 2355 | G18: 2608 | H18: 3060 | I18: 3355 | J18: =AVERAGE(E18:I18) -> 2669.6 | L18: ALIMENTOS | N18: =T18/T24 -> 0.60872025 | O18: 2478 | P18: 2962 | Q18: 3343 | R18: 3963 | S18: 4468 | T18: =AVERAGE(O18:S18) -> 3442.8
B19: RECURSO HUMANO | D19: =J19/J24 -> 0.15073177 | E19: 723 | F19: 723 | G19: 723 | H19: 723 | I19: 723 | J19: =AVERAGE(E19:I19) -> 723 | L19: RECURSO HUMANO | N19: =T19/T24 -> 0.10803069 | O19: 611 | P19: 611 | Q19: 611 | R19: 611 | S19: 611 | T19: =AVERAGE(O19:S19) -> 611
B20: COMBUSTIBLE/ SERVICIOS PÚBLICOS | D20: =J20/J24 -> 0.046491265 | E20: 223 | F20: 223 | G20: 223 | H20: 223 | I20: 223 | J20: =AVERAGE(E20:I20) -> 223 | K20: =186*1.05 -> 195.3 | L20: COMBUSTIBLE/ SERVICIOS PÚBLICOS | N20: =T20/T24 -> 0.05003713 | O20: 283 | P20: 283 | Q20: 283 | R20: 283 | S20: 283 | T20: =AVERAGE(O20:S20) -> 283 | U20: =270*1.05 -> 283.5
B21: TRANSPORTE | D21: =J21/J24 -> 0.12091898 | E21: 580 | F21: 580 | G21: 580 | H21: 580 | I21: 580 | J21: =AVERAGE(E21:I21) -> 580 | K21: =240*1.05 -> 252 | L21: TRANSPORTE | N21: =T21/T24 -> 0.10856112 | O21: 614 | P21: 614 | Q21: 614 | R21: 614 | S21: 614 | T21: =AVERAGE(O21:S21) -> 614 | U21: =585*1.05 -> 614.25
B22: SANEAMIENTO (Plan de saneamiento, muestreo microbiologíco) | D22: =J22/J24 -> 0.025643164 | E22: 123 | F22: 123 | G22: 123 | H22: 123 | I22: 123 | J22: =AVERAGE(E22:I22) -> 123 | K22: =123*1.0316 -> 126.8868 | L22: SANEAMIENTO | N22: =T22/T24 -> 0.018741823 | O22: 106 | P22: 106 | Q22: 106 | R22: 106 | S22: 106 | T22: =AVERAGE(O22:S22) -> 106 | U22: =101*1.05 -> 106.05
B23: GASTOS ADMINISTRATIVOS Recurso Humano (personal administrativo, supervisores, coordinador, auxiliares), papeleria,, Capacitación, certificación de aptitud, dotación.etc. | D23: =J23/J24 -> 0.099653922 | E23: 478 | F23: 478 | G23: 478 | H23: 478 | I23: 478 | J23: =AVERAGE(E23:I23) -> 478 | K23: =439*1.09 -> 478.51 | L23: GASTOS ADMINISTRATIVOS Recurso Humano (personal administrativo, supervisores, coordinador, auxiliares), papeleria,, Capacitación, certificación de aptitud, dotación.etc. | N23: =T23/T24 -> 0.10590898 | O23: 599 | P23: 599 | Q23: 599 | R23: 599 | S23: 599 | T23: =AVERAGE(O23:S23) -> 599 | U23: =T23*1.09 -> 652.91
B24: SUBTOTAL | D24: 1 | E24: =SUM(E18:E23) -> 4097 | F24: =SUM(F18:F23) -> 4482 | G24: =SUM(G18:G23) -> 4735 | H24: =SUM(H18:H23) -> 5187 | I24: =SUM(I18:I23) -> 5482 | J24: =AVERAGE(E24:I24) -> 4796.6 | L24: SUBTOTAL | N24: 1 | O24: =SUM(O18:O23) -> 4691 | P24: =SUM(P18:P23) -> 5175 | Q24: =SUM(Q18:Q23) -> 5556 | R24: =SUM(R18:R23) -> 6176 | S24: =SUM(S18:S23) -> 6681 | T24: =AVERAGE(O24:S24) -> 5655.8
B26: MACIZO | L26: ALMUERZO-MACIZO
B27: COMPONENTES | D27: % | E27: PRE ESCOLAR | F27: GRADO 1,2,3 | G27: GRADO 4, 5 | H27: SECUN. | I27: MEDIA Y COMPLEM. | J27: PROMEDIO | L27: SUR | N27: % | O27: PRE ESCOLAR | P27: GRADO 1,2,3 | Q27: GRADO 4, 5 | R27: SECUN. | S27: MEDIA Y COMPLEM. | T27: PROMEDIO
B29: ALIMENTOS | D29: =J29/J35 -> 0.48502478 | E29: 1755 | F29: 1937 | G29: 2196 | H29: 2529 | I29: 2838 | J29: =AVERAGE(E29:I29) -> 2251 | L29: ALIMENTOS | N29: =T29/T35 -> 0.5729609 | O29: 2286 | P29: 2670 | Q29: 3016 | R29: 3597 | S29: 4082 | T29: =AVERAGE(O29:S29) -> 3130.2
B30: RECURSO HUMANO | D30: =J30/J35 -> 0.28851541 | E30: 1339 | F30: 1339 | G30: 1339 | H30: 1339 | I30: 1339 | J30: =AVERAGE(E30:I30) -> 1339 | L30: RECURSO HUMANO | N30: =T30/T35 -> 0.23118319 | O30: 1263 | P30: 1263 | Q30: 1263 | R30: 1263 | S30: 1263 | T30: =AVERAGE(O30:S30) -> 1263
B31: COMBUSTIBLE/ SERVICIOS PÚBLICOS | D31: =J31/J35 -> 0.042016807 | E31: 195 | F31: 195 | G31: 195 | H31: 195 | I31: 195 | J31: =AVERAGE(E31:I31) -> 195 | K31: =186*1.05 -> 195.3 | L31: COMBUSTIBLE/ SERVICIOS PÚBLICOS | N31: =T31/T35 -> 0.038255967 | O31: 209 | P31: 209 | Q31: 209 | R31: 209 | S31: 209 | T31: =AVERAGE(O31:S31) -> 209 | U31: =199*1.05 -> 208.95
B32: TRANSPORTE | D32: =J32/J35 -> 0.054298643 | E32: 252 | F32: 252 | G32: 252 | H32: 252 | I32: 252 | J32: =AVERAGE(E32:I32) -> 252 | K32: =240*1.05 -> 252 | L32: TRANSPORTE | N32: =T32/T35 -> 0.047042027 | O32: 257 | P32: 257 | Q32: 257 | R32: 257 | S32: 257 | T32: =AVERAGE(O32:S32) -> 257 | U32: =245*1.05 -> 257.25
B33: SANEAMIENTO | D33: =J33/J35 -> 0.027149321 | E33: 126 | F33: 126 | G33: 126 | H33: 126 | I33: 126 | J33: =AVERAGE(E33:I33) -> 126 | L33: SANEAMIENTO | N33: =T33/T35 -> 0.026907307 | O33: 147 | P33: 147 | Q33: 147 | R33: 147 | S33: 147 | T33: =AVERAGE(O33:S33) -> 147 | U33: =140*1.05 -> 147
B34: GASTOS ADMINISTRATIVOS Recurso Humano (personal administrativo, supervisores, coordinador, auxiliares), papeleria,, Capacitación, certificación de aptitud, dotación.etc. | D34: =J34/J35 -> 0.10299504 | E34: 478 | F34: 478 | G34: 478 | H34: 478 | I34: 478 | J34: =AVERAGE(E34:I34) -> 478 | K34: =439*1.09 -> 478.51 | L34: GASTOS ADMINISTRATIVOS Recurso Humano (personal administrativo, supervisores, coordinador, auxiliares), papeleria,, Capacitación, certificación de aptitud, dotación.etc. | N34: =T34/T35 -> 0.083650608 | O34: 457 | P34: 457 | Q34: 457 | R34: 457 | S34: 457 | T34: =AVERAGE(O34:S34) -> 457 | U34: =420*1.09 -> 457.8
B35: SUBTOTAL | D35: 1 | E35: =SUM(E29:E34) -> 4145 | F35: =SUM(F29:F34) -> 4327 | G35: =SUM(G29:G34) -> 4586 | H35: =SUM(H29:H34) -> 4919 | I35: =SUM(I29:I34) -> 5228 | J35: =AVERAGE(E35:I35) -> 4641 | L35: SUBTOTAL | N35: 1 | O35: =SUM(O29:O34) -> 4619 | P35: =SUM(P29:P34) -> 5003 | Q35: =SUM(Q29:Q34) -> 5349 | R35: =SUM(R29:R34) -> 5930 | S35: =SUM(S29:S34) -> 6415 | T35: =AVERAGE(O35:S35) -> 5463.2
B37: NORTE | L37: ALMUERZO-NORTE
B38: COMPONENTES | D38: % | E38: PRE ESCOLAR | F38: GRADO 1,2,3 | G38: GRADO 4, 5 | H38: SECUN. | I38: MEDIA Y COMPLEM. | J38: PROMEDIO | L38: COMPONENTES | N38: % | O38: PRE ESCOLAR | P38: GRADO 1,2,3 | Q38: GRADO 4, 5 | R38: SECUN. | S38: MEDIA Y COMPLEM. | T38: PROMEDIO
B40: ALIMENTOS | D40: =J40/J46 -> 0.59851103 | E40: 1755 | F40: 1937 | G40: 2196 | H40: 2529 | I40: 2838 | J40: =AVERAGE(E40:I40) -> 2251 | L40: ALIMENTOS | N40: =T40/T46 -> 0.60955756 | O40: 2286 | P40: 2670 | Q40: 3016 | R40: 3597 | S40: 4082 | T40: =AVERAGE(O40:S40) -> 3130.2
B41: RECURSO HUMANO | D41: =J41/J46 -> 0.15793672 | E41: 594 | F41: 594 | G41: 594 | H41: 594 | I41: 594 | J41: =AVERAGE(E41:I41) -> 594 | L41: RECURSO HUMANO | N41: =T41/T46 -> 0.20271849 | O41: 1041 | P41: 1041 | Q41: 1041 | R41: 1041 | S41: 1041 | T41: =AVERAGE(O41:S41) -> 1041
B42: COMBUSTIBLE | D42: =J42/J46 -> 0.051847913 | E42: 195 | F42: 195 | G42: 195 | H42: 195 | I42: 195 | J42: =AVERAGE(E42:I42) -> 195 | K42: =186*1.05 -> 195.3 | L42: COMBUSTIBLE/ SERVICIOS PÚBLICOS | N42: =T42/T46 -> 0.040504752 | O42: 208 | P42: 208 | Q42: 208 | R42: 208 | S42: 208 | T42: =AVERAGE(O42:S42) -> 208 | U42: =199*1.05 -> 208.95
B43: TRANSPORTE | D43: =J43/J46 -> 0.059824515 | E43: 225 | F43: 225 | G43: 225 | H43: 225 | I43: 225 | J43: =AVERAGE(E43:I43) -> 225 | K43: =215*1.05 -> 225.75 | L43: TRANSPORTE | N43: =T43/T46 -> 0.042452095 | O43: 231 | P43: 231 | Q43: 231 | R43: 231 | S43: 166 | T43: =AVERAGE(O43:S43) -> 218 | U43: =220*1.05 -> 231
B44: SANEAMIENTO | D44: =J44/J46 -> 0.022334486 | E44: 84 | F44: 84 | G44: 84 | H44: 84 | I44: 84 | J44: =AVERAGE(E44:I44) -> 84 | K44: =80*1.05 -> 84 | L44: SANEAMIENTO | N44: =T44/T46 -> 0.017915563 | O44: 92 | P44: 92 | Q44: 92 | R44: 92 | S44: 92 | T44: =AVERAGE(O44:S44) -> 92 | U44: =88*1.05 -> 92.4
B45: GASTOS ADMINISTRATIVOS Recurso Humano (personal administrativo, supervisores, coordinador, auxiliares), papeleria,, Capacitación, certificación de aptitud, dotación.etc. | D45: =J45/J46 -> 0.10954533 | E45: 412 | F45: 412 | G45: 412 | H45: 412 | I45: 412 | J45: =AVERAGE(E45:I45) -> 412 | K45: =378*1.09 -> 412.02 | L45: GASTOS ADMINISTRATIVOS Recurso Humano (personal administrativo, supervisores, coordinador, auxiliares), papeleria,, Capacitación, certificación de aptitud, dotación.etc. | N45: =T45/T46 -> 0.086851535 | O45: 446 | P45: 446 | Q45: 446 | R45: 446 | S45: 446 | T45: =AVERAGE(O45:S45) -> 446 | U45: =410*1.09 -> 446.9
B46: SUBTOTAL | D46: 1 | E46: =SUM(E40:E45) -> 3265 | F46: =SUM(F40:F45) -> 3447 | G46: =SUM(G40:G45) -> 3706 | H46: =SUM(H40:H45) -> 4039 | I46: =SUM(I40:I45) -> 4348 | J46: =AVERAGE(E46:I46) -> 3761 | L46: SUBTOTAL | N46: 1 | O46: =SUM(O40:O45) -> 4304 | P46: =SUM(P40:P45) -> 4688 | Q46: =SUM(Q40:Q45) -> 5034 | R46: =SUM(R40:R45) -> 5615 | S46: =SUM(S40:S45) -> 6035 | T46: =AVERAGE(O46:S46) -> 5135.2
B48: SUR | L48: ALMUERZO-SUR
B49: COMPONENTES | D49: % | E49: PRE ESCOLAR | F49: GRADO 1,2,3 | G49: GRADO 4, 5 | H49: SECUN. | I49: MEDIA Y COMPLEM. | J49: PROMEDIO | L49: COMPONENTES | N49: % | O49: PRE ESCOLAR | P49: GRADO 1,2,3 | Q49: GRADO 4, 5 | R49: SECUN. | S49: MEDIA Y COMPLEM. | T49: PROMEDIO
B51: ALIMENTOS | D51: =J51/J57 -> 0.50279205 | E51: 1755 | F51: 1937 | G51: 2196 | H51: 2529 | I51: 2838 | J51: =AVERAGE(E51:I51) -> 2251 | L51: ALIMENTOS | N51: =T51/T57 -> 0.57623062 | O51: 2286 | P51: 2670 | Q51: 3016 | R51: 3597 | S51: 4082 | T51: =AVERAGE(O51:S51) -> 3130.2
B52: RECURSO HUMANO | D52: =J52/J57 -> 0.26446281 | E52: 1184 | F52: 1184 | G52: 1184 | H52: 1184 | I52: 1184 | J52: =AVERAGE(E52:I52) -> 1184 | L52: RECURSO HUMANO | N52: =T52/T57 -> 0.22513899 | O52: 1223 | P52: 1223 | Q52: 1223 | R52: 1223 | S52: 1223 | T52: =AVERAGE(O52:S52) -> 1223
B53: COMBUSTIBLE | D53: =J53/J57 -> 0.043555953 | E53: 195 | F53: 195 | G53: 195 | H53: 195 | I53: 195 | J53: =AVERAGE(E53:I53) -> 195 | K53: =186*1.05 -> 195.3 | L53: COMBUSTIBLE/ SERVICIOS PÚBLICOS | N53: =T53/T57 -> 0.038290196 | O53: 208 | P53: 208 | Q53: 208 | R53: 208 | S53: 208 | T53: =AVERAGE(O53:S53) -> 208 | U53: =199*1.05 -> 208.95
B54: TRANSPORTE | D54: =J54/J57 -> 0.062095153 | E54: 278 | F54: 278 | G54: 278 | H54: 278 | I54: 278 | J54: =AVERAGE(E54:I54) -> 278 | K54: =265*1.05 -> 278.25 | L54: TRANSPORTE | N54: =T54/T57 -> 0.052096756 | O54: 283 | P54: 283 | Q54: 283 | R54: 283 | S54: 283 | T54: =AVERAGE(O54:S54) -> 283 | U54: =270*1.05 -> 283.5
B55: SANEAMIENTO | D55: =J55/J57 -> 0.023899933 | E55: 107 | F55: 107 | G55: 107 | H55: 107 | I55: 107 | J55: =AVERAGE(E55:I55) -> 107 | K55: =102*1.05 -> 107.1 | L55: SANEAMIENTO | N55: =T55/T57 -> 0.022090497 | O55: 120 | P55: 120 | Q55: 120 | R55: 120 | S55: 120 | T55: =AVERAGE(O55:S55) -> 120 | U55: =115*1.05 -> 120.75
B56: GASTOS ADMINISTRATIVOS Recurso Humano (personal administrativo, supervisores, coordinador, auxiliares), papeleria,, Capacitación, certificación de aptitud, dotación.etc. | D56: =J56/J57 -> 0.1031941 | E56: 462 | F56: 462 | G56: 462 | H56: 462 | I56: 462 | J56: =AVERAGE(E56:I56) -> 462 | K56: =424*1.09 -> 462.16 | L56: GASTOS ADMINISTRATIVOS Recurso Humano (personal administrativo, supervisores, coordinador, auxiliares), papeleria,, Capacitación, certificación de aptitud, dotación.etc. | N56: =T56/T57 -> 0.08615294 | O56: 468 | P56: 468 | Q56: 468 | R56: 468 | S56: 468 | T56: =AVERAGE(O56:S56) -> 468 | U56: =430*1.09 -> 468.7
B57: SUBTOTAL | D57: 1 | E57: =SUM(E51:E56) -> 3981 | F57: =SUM(F51:F56) -> 4163 | G57: =SUM(G51:G56) -> 4422 | H57: =SUM(H51:H56) -> 4755 | I57: =SUM(I51:I56) -> 5064 | J57: =AVERAGE(E57:I57) -> 4477 | L57: SUBTOTAL | N57: 1 | O57: =SUM(O51:O56) -> 4588 | P57: =SUM(P51:P56) -> 4972 | Q57: =SUM(Q51:Q56) -> 5318 | R57: =SUM(R51:R56) -> 5899 | S57: =SUM(S51:S56) -> 6384 | T57: =AVERAGE(O57:S57) -> 5432.2
B59: NORTE CONSEJOS COMUNITARIOS | L59: ALMUERZO-CONSEJOS COMUNITARIOS
B60: COMPONENTES | D60: % | E60: PRE ESCOLAR | F60: GRADO 1,2,3 | G60: GRADO 4, 5 | H60: SECUN. | I60: MEDIA Y COMPLEM. | J60: PROMEDIO | T60: PROMEDIO
L61: COMPONENTES | N61: % | O61: PRE ESCOLAR | P61: GRADO 1,2,3 | Q61: GRADO 4, 5 | R61: SECUN. | S61: MEDIA Y COMPLEM.
B62: ALIMENTOS | D62: =J62/J68 -> 0.59236842 | E62: 1755 | F62: 1937 | G62: 2196 | H62: 2529 | I62: 2838 | J62: =AVERAGE(E62:I62) -> 2251 | L62: ALIMENTOS | N62: =T62/T68 -> 0.61822563 | O62: 2286 | P62: 2670 | Q62: 3016 | R62: 3597 | S62: 4082 | T62: =AVERAGE(O62:S62) -> 3130.2
B63: RECURSO HUMANO | D63: =J63/J68 -> 0.15473684 | E63: 588 | F63: 588 | G63: 588 | H63: 588 | I63: 588 | J63: =AVERAGE(E63:I63) -> 588 | L63: RECURSO HUMANO | N63: =T63/T68 -> 0.1888134 | O63: 956 | P63: 956 | Q63: 956 | R63: 956 | S63: 956 | T63: =AVERAGE(O63:S63) -> 956
B64: COMBUSTIBLE | D64: =J64/J68 -> 0.051315789 | E64: 195 | F64: 195 | G64: 195 | H64: 195 | I64: 195 | J64: =AVERAGE(E64:I64) -> 195 | L64: COMBUSTIBLE/ SERVICIOS PÚBLICOS | N64: =T64/T68 -> 0.041080739 | O64: 208 | P64: 208 | Q64: 208 | R64: 208 | S64: 208 | T64: =AVERAGE(O64:S64) -> 208
B65: TRANSPORTE | D65: =J65/J68 -> 0.059210526 | E65: 225 | F65: 225 | G65: 225 | H65: 225 | I65: 225 | J65: =AVERAGE(E65:I65) -> 225 | L65: TRANSPORTE | N65: =T65/T68 -> 0.045623321 | O65: 231 | P65: 231 | Q65: 231 | R65: 231 | S65: 231 | T65: =AVERAGE(O65:S65) -> 231
B66: SANEAMIENTO | D66: =J66/J68 -> 0.025 | E66: 95 | F66: 95 | G66: 95 | H66: 95 | I66: 95 | J66: =AVERAGE(E66:I66) -> 95 | L66: SANEAMIENTO | N66: =T66/T68 -> 0.018170327 | O66: 92 | P66: 92 | Q66: 92 | R66: 92 | S66: 92 | T66: =AVERAGE(O66:S66) -> 92
B67: GASTOS ADMINISTRATIVOS Recurso Humano (personal administrativo, supervisores, coordinador, auxiliares), papeleria,, Capacitación, certificación de aptitud, dotación.etc. | D67: =J67/J68 -> 0.11736842 | E67: 446 | F67: 446 | G67: 446 | H67: 446 | I67: 446 | J67: =AVERAGE(E67:I67) -> 446 | L67: GASTOS ADMINISTRATIVOS Recurso Humano (personal administrativo, supervisores, coordinador, auxiliares), papeleria,, Capacitación, certificación de aptitud, dotación.etc. | N67: =T67/T68 -> 0.088086586 | O67: 446 | P67: 446 | Q67: 446 | R67: 446 | S67: 446 | T67: =AVERAGE(O67:S67) -> 446
B68: SUBTOTAL | D68: 1 | E68: =SUM(E62:E67) -> 3304 | F68: =SUM(F62:F67) -> 3486 | G68: =SUM(G62:G67) -> 3745 | H68: =SUM(H62:H67) -> 4078 | I68: =SUM(I62:I67) -> 4387 | J68: =AVERAGE(E68:I68) -> 3800 | L68: SUBTOTAL | N68: 1 | O68: =SUM(O62:O67) -> 4219 | P68: =SUM(P62:P67) -> 4603 | Q68: =SUM(Q62:Q67) -> 4949 | R68: =SUM(R62:R67) -> 5530 | S68: =SUM(S62:S67) -> 6015 | T68: =AVERAGE(O68:S68) -> 5063.2
B70: MENUS 2026 | G70: MENUS 2025 | L70: MENUS 2025 | R70: MENUS 2026 | W70: MENUS 2026 | AB70: MENUS 2026 | AG70: MENUS 2026 | AL70: MENUS 2026
B71: COMPLEMENTO ALIMENTARIO POBLACION INDIGENA ALMAGUER-CAQUIONA (PUEBLO MAYOR YANACONA) | G71: COMPLEMENTO ALMUERZO POBLACION INDIGENA GUACHICONO (PUEBLO MAYOR YANACONA) | L71: COMPLEMENTO ALIMENTARIO POBLACION INDIGENA GUACHICONO (PUEBLO MAYOR YANACONA) | R71: COMPLEMENTO ALIMENTARIO POBLACION INDIGENA PUEBLO MAYOR YANACONA | W71: COMPLEMENTO ALMUERZO POBLACION INDIGENA PUEBLO MAYOR YANACONA | AB71: COMPLEMENTO ALIMENTARIO POBLACION INDIGENA SANTA MARTHA (PUEBLO MAYOR YANACONA) | AG71: COMPLEMENTO ALIMENTARIO POBLACION INDIGENA ASOCIACION PROYECTO NASA | AL71: COMPLEMENTO POBLACION INDIGENA UKAWES
B72: COMPONENTES | D72: % | E72: GRUPO DE 9 A 13 AÑOS | G72: COMPONENTES | I72: PORCENTAJE | J72: GRUPO DE 9 A 13 AÑOS | L72: COMPONENTES | N72: PORCENTAJE | O72: GRUPO DE 9 A 13 AÑOS | R72: COMPONENTES | T72: PORCENTAJE | U72: GRUPO DE 9 A 13 AÑOS | W72: COMPONENTES | Y72: PORCENTAJE | Z72: GRUPO DE 9 A 13 AÑOS | AB72: COMPONENTES | AD72: % | AE72: GRUPO DE 9 A 13 AÑOS | AG72: COMPONENTES | AI72: % | AJ72: GRUPO DE 9 A 13 AÑOS | AL72: COMPONENTES | AN72: % | AO72: GRUPO DE 9 A 13 AÑOS
B74: ALIMENTOS | D74: =E74/E80 -> 0.4470523 | E74: 2419 | G74: ALIMENTOS | I74: =J74/J93 -> 0.64553687 | J74: 3493 | L74: ALIMENTOS | N74: =O74/N93 -> 2997.3 | O74: 2419 | R74: ALIMENTOS | T74: =U74/U80 -> 0.4470523 | U74: 2419 | W74: ALIMENTOS | Y74: =Z74/Z80 -> 0.46437118 | Z74: 3493 | AB74: ALIMENTOS | AD74: =AE74/AE80 -> 0.43989816 | AE74: 2419 | AG74: ALIMENTOS | AI74: =AJ74/AJ80 -> 0.48549252 | AJ74: 2627 | AL74: ALIMENTOS | AN74: =AO74/AO80 -> 0.48549252 | AO74: 2627
B75: RECURSO HUMANO | D75: =E75/E80 -> 0.28996489 | E75: 1569 | G75: RECURSO HUMANO | I75: =J75/J93 -> 0.45296618 | J75: 2451 | L75: RECURSO HUMANO | N75: =O75/N93 -> 1204.3719 | O75: 972 | R75: RECURSO HUMANO | T75: =U75/U80 -> 0.30049898 | U75: 1626 | W75: RECURSO HUMANO | Y75: =Z75/Z80 -> 0.35615528 | Z75: 2679 | AB75: RECURSO HUMANO | AD75: =AE75/AE80 -> 0.35951991 | AE75: 1977 | AG75: RECURSO HUMANO | AI75: =AJ75/AJ80 -> 0.12197376 | AJ75: 660 | AL75: RECURSO HUMANO | AN75: =AO75/AO80 -> 0.11938644 | AO75: 646
B76: COMBUSTIBLE/ SERVICIOS PÚBLICOS | D76: =E76/E80 -> 0.049898355 | E76: 270 | G76: COMBUSTIBLE/ SERVICIOS PÚBLICOS | I76: =J76/J93 -> 0.054148956 | J76: 293 | K76: Ruber | L76: COMBUSTIBLE/ SERVICIOS PÚBLICOS | N76: =O76/N93 -> 334.54774 | O76: 270 | R76: COMBUSTIBLE/ SERVICIOS PÚBLICOS | T76: =U76/U80 -> 0.061910922 | U76: 335 | V76: Jose B. | W76: COMBUSTIBLE/ SERVICIOS PÚBLICOS | Y76: =Z76/Z80 -> 0.044536028 | Z76: 335 | AA76: Jose B. | AB76: COMBUSTIBLE/ SERVICIOS PÚBLICOS | AD76: =AE76/AE80 -> 0.0365521 | AE76: 201 | AG76: COMBUSTIBLE/ SERVICIOS PÚBLICOS | AI76: =AJ76/AJ80 -> 0.026242839 | AJ76: 142 | AL76: COMBUSTIBLE/ SERVICIOS PÚBLICOS | AN76: =AO76/AO80 -> 0.026242839 | AO76: 142
B77: TRANSPORTE | D77: =E77/E80 -> 0.016817594 | E77: 91 | G77: TRANSPORTE | I77: =J77/J93 -> 0.023840325 | J77: 129 | L77: TRANSPORTE | N77: =O77/N93 -> 159.83948 | O77: 129 | R77: TRANSPORTE | T77: =U77/U80 -> 0.041581963 | U77: 225 | W77: TRANSPORTE | Y77: =Z77/Z80 -> 0.029912257 | Z77: 225 | AB77: TRANSPORTE | AD77: =AE77/AE80 -> 0.02036734 | AE77: 112 | AG77: TRANSPORTE | AI77: =AJ77/AJ80 -> 0.050452781 | AJ77: 273 | AL77: TRANSPORTE | AN77: =AO77/AO80 -> 0.050452781 | AO77: 273
B78: SANEAMIENTO | D78: =E78/E80 -> 0.030308631 | E78: 164 | G78: SANEAMIENTO | I78: =J78/J93 -> 0.032711144 | J78: 177 | L78: SANEAMIENTO | N78: =O78/N93 -> 219.31463 | O78: 177 | R78: SANEAMIENTO | T78: =U78/U80 -> 0.035113657 | U78: 190 | W78: SANEAMIENTO | Y78: =Z78/Z80 -> 0.02525924 | Z78: 190 | AB78: SANEAMIENTO | AD78: =AE78/AE80 -> 0.034551737 | AE78: 190 | AG78: SANEAMIENTO | AI78: =AJ78/AJ80 -> 0.030308631 | AJ78: 164 | AL78: SANEAMIENTO | AN78: =AO78/AO80 -> 0.030308631 | AO78: 164
B79: GASTOS ADMINISTRATIVOS Recurso Humano (personal administrativo, supervisores, coordinador, auxiliares), papeleria,, Capacitación, certificación de aptitud, dotación.etc. | D79: =E79/E80 -> 0.11088523 | E79: 600 | G79: GASTOS ADMINISTRATIVOS Recurso Humano (personal administrativo, supervisores, coordinador, auxiliares), papeleria,, Capacitación, certificación de aptitud, dotación.etc. | I79: =J79/J93 -> 0.11088523 | J79: 600 | L79: GASTOS ADMINISTRATIVOS Recurso Humano (personal administrativo, supervisores, coordinador, auxiliares), papeleria,, Capacitación, certificación de aptitud, dotación.etc. | N79: =O79/N93 -> 743.43943 | O79: 600 | R79: GASTOS ADMINISTRATIVOS Recurso Humano (personal administrativo, supervisores, coordinador, auxiliares), papeleria,, Capacitación, certificación de aptitud, dotación.etc. | T79: =U79/U80 -> 0.11088523 | U79: 600 | W79: GASTOS ADMINISTRATIVOS Recurso Humano (personal administrativo, supervisores, coordinador, auxiliares), papeleria,, Capacitación, certificación de aptitud, dotación.etc. | Y79: =Z79/Z80 -> 0.07976602 | Z79: 600 | AB79: GASTOS ADMINISTRATIVOS Recurso Humano (personal administrativo, supervisores, coordinador, auxiliares), papeleria,, Capacitación, certificación de aptitud, dotación.etc. | AD79: =AE79/AE80 -> 0.10911075 | AE79: 600 | AG79: GASTOS ADMINISTRATIVOS Recurso Humano (personal administrativo, supervisores, coordinador, auxiliares), papeleria,, Capacitación, certificación de aptitud, dotación.etc. | AI79: =AJ79/AJ80 -> 0.11088523 | AJ79: 600 | AL79: GASTOS ADMINISTRATIVOS Recurso Humano (personal administrativo, supervisores, coordinador, auxiliares), papeleria,, Capacitación, certificación de aptitud, dotación.etc. | AN79: =AO79/AO80 -> 0.11088523 | AO79: 600
B80: SUBTOTAL | D80: =SUM(D74:D79) -> 0.944927 | E80: =SUM(E74:E79)+298 -> 5411 | G80: SUBTOTAL | I80: =SUM(I74:I79) -> 1.3200887 | J80: =SUM(J74:J79) -> 7143 | L80: SUBTOTAL | N80: =SUM(N74:N79) -> 5658.8131 | O80: =SUM(O74:O79)+844 -> 5411 | P80: 5385 | R80: SUBTOTAL | T80: =SUM(T74:T79) -> 0.99704306 | U80: =SUM(U74:U79)+16 -> 5411 | W80: SUBTOTAL | Y80: =SUM(Y74:Y79) -> 1 | Z80: =SUM(Z74:Z79) -> 7522 | AB80: SUBTOTAL | AD80: =SUM(AD74:AD79) -> 1 | AE80: =SUM(AE74:AE79) -> 5499 | AG80: SUBTOTAL | AI80: =SUM(AI74:AI79) -> 0.82535576 | AJ80: =SUM(AJ74:AJ79)+945 -> 5411 | AL80: SUBTOTAL | AN80: =SUM(AN74:AN79) -> 0.82276843 | AO80: =SUM(AO74:AO79)+959 -> 5411
D81: 5154 | E81: 5411 | F81: =E81-E80 -> 0 | O81: 5411 | P81: =O81-O80 -> 0 | U81: 5411 | V81: =U81-U80 -> 0 | AJ81: 5411 | AK81: =AJ81-AJ80 -> 0 | AO81: 5411 | AP81: =AO81-AO80 -> 0
B83: MENUS 2026 | G83: MENUS 2026 | L83: MENUS 2026 | R83: MENUS 2026 | W83: MENUS 2026 | AB83: MENUS 2026
B84: COMPLEMENTO ALIMENTARIO POBLACION INDIGENA CANOAS SANTANDER DE QULICHAO (NASA) | G84: COMPLEMENTO ALIMENTARIO POBLACION INDIGENA CHIMBORAZO-MORALES(NASA) | L84: COMPLEMENTO ALIMENTARIO POBLACION INDIGENA CILIA LA CALERA MIRANDA(NASA) | R84: COMPLEMENTO ALMUERZO POBLACION INDIGENA CILIA LA CALERA MIRANDA(NASA) | W84: COMPLEMENTO ALMENTARIO POBLACION INDIGENA R.I. MUNCHIQUE | AB84: COMPLEMENTO POBLACION INDIGENA ASOCIACION NASA CXHA CXHA
B85: COMPONENTES | D85: % | E85: GRUPO DE 9 A 13 AÑOS | G85: COMPONENTES | I85: % | J85: GRUPO DE 9 A 13 AÑOS | L85: COMPONENTES | N85: % | O85: GRUPO DE 9 A 13 AÑOS | R85: COMPONENTES | T85: % | U85: GRUPO DE 9 A 13 AÑOS | W85: COMPONENTES | Y85: % | Z85: GRUPO DE 9 A 13 AÑOS | AB85: COMPONENTES | AD85: % | AE85: GRUPO DE 9 A 13 AÑOS
B87: ALIMENTOS | D87: =E87/E93 -> 0.48549252 | E87: 2627 | G87: ALIMENTOS | I87: =J87/J93 -> 0.48549252 | J87: 2627 | L87: ALIMENTOS | N87: =O87/O93 -> 0.48549252 | O87: 2627 | R87: ALIMENTOS | T87: =U87/U93 -> 0.56881205 | U87: 3323 | W87: ALIMENTOS | Y87: =Z87/Z93 -> 0.48549252 | Z87: 2627 | AB87: ALIMENTOS | AD87: =AE87/AE93 -> 0.48549252 | AE87: 2627
B88: RECURSO HUMANO | D88: =E88/E93 -> 0.13842173 | E88: 749 | G88: RECURSO HUMANO | I88: =J88/J93 -> 0.12141933 | J88: 657 | L88: RECURSO HUMANO | N88: =O88/O93 -> 0.13010534 | O88: 704 | R88: RECURSO HUMANO | T88: =U88/U93 -> 0.17168778 | U88: 1003 | W88: RECURSO HUMANO | Y88: =Z88/Z93 -> 0.17002403 | Z88: 920 | AB88: RECURSO HUMANO | AD88: =AE88/AE93 -> 0.11957124 | AE88: 647
B89: COMBUSTIBLE/ SERVICIOS PÚBLICOS | D89: =E89/E93 -> 0.037146553 | E89: 201 | G89: COMBUSTIBLE/ SERVICIOS PÚBLICOS | I89: =J89/J93 -> 0.077434855 | J89: 419 | K89: James | L89: COMBUSTIBLE/ SERVICIOS PÚBLICOS | N89: =O89/O93 -> 0.029199778 | O89: 158 | Q89: Ruber | R89: COMBUSTIBLE/ SERVICIOS PÚBLICOS | T89: =U89/U93 -> 0.027045532 | U89: 158 | V89: Ruber | W89: COMBUSTIBLE/ SERVICIOS PÚBLICOS | Y89: =Z89/Z93 -> 0.024764369 | Z89: 134 | AB89: COMBUSTIBLE/ SERVICIOS PÚBLICOS | AD89: =AE89/AE93 -> 0.026242839 | AE89: 142 | AF89: =AE89*1.05 -> 149.1
B90: TRANSPORTE | D90: =E90/E93 -> 0.072629828 | E90: 393 | G90: TRANSPORTE | I90: =J90/J93 -> 0.026427647 | J90: 143 | L90: TRANSPORTE | N90: =O90/O93 -> 0.021068194 | O90: 114 | R90: TRANSPORTE | T90: =U90/U93 -> 0.019513865 | U90: 114 | W90: TRANSPORTE | Y90: =Z90/Z93 -> 0.020698577 | Z90: 112 | AB90: TRANSPORTE | AD90: =AE90/AE93 -> 0.050452781 | AE90: 273 | AF90: =AE90*1.05 -> 286.65
B91: SANEAMIENTO | D91: =E91/E93 -> 0.019959342 | E91: 108 | G91: SANEAMIENTO | I91: =J91/J93 -> 0.030308631 | J91: 164 | L91: SANEAMIENTO | N91: =O91/O93 -> 0.030308631 | O91: 164 | R91: SANEAMIENTO | T91: =U91/U93 -> 0.036973639 | U91: 216 | W91: SANEAMIENTO | Y91: =Z91/Z93 -> 0.019589725 | Z91: 106 | AB91: SANEAMIENTO | AD91: =AE91/AE93 -> 0.030308631 | AE91: 164 | AF91: =AE91*1.05 -> 172.2
B92: GASTOS ADMINISTRATIVOS Recurso Humano (personal administrativo, supervisores, coordinador, auxiliares), papeleria,, Capacitación, certificación de aptitud, dotación.etc. | D92: =E92/E93 -> 0.11088523 | E92: 600 | G92: GASTOS ADMINISTRATIVOS Recurso Humano (personal administrativo, supervisores, coordinador, auxiliares), papeleria,, Capacitación, certificación de aptitud, dotación.etc. | I92: =J92/J93 -> 0.11088523 | J92: 600 | L92: GASTOS ADMINISTRATIVOS Recurso Humano (personal administrativo, supervisores, coordinador, auxiliares), papeleria,, Capacitación, certificación de aptitud, dotación.etc. | N92: =O92/O93 -> 0.11088523 | O92: 600 | R92: GASTOS ADMINISTRATIVOS Recurso Humano (personal administrativo, supervisores, coordinador, auxiliares), papeleria,, Capacitación, certificación de aptitud, dotación.etc. | T92: =U92/U93 -> 0.077370763 | U92: 452 | W92: GASTOS ADMINISTRATIVOS Recurso Humano (personal administrativo, supervisores, coordinador, auxiliares), papeleria,, Capacitación, certificación de aptitud, dotación.etc. | Y92: =Z92/Z93 -> 0.11088523 | Z92: 600 | AB92: GASTOS ADMINISTRATIVOS Recurso Humano (personal administrativo, supervisores, coordinador, auxiliares), papeleria,, Capacitación, certificación de aptitud, dotación.etc. | AD92: =AE92/AE93 -> 0.11088523 | AE92: 600
B93: SUBTOTAL | D93: =SUM(D87:D92) -> 0.86453521 | E93: =SUM(E87:E92)+733 -> 5411 | G93: SUBTOTAL | I93: =SUM(I87:I92) -> 0.85196821 | J93: =SUM(J87:J92)+801 -> 5411 | L93: SUBTOTAL | N93: =SUM(N87:N92) -> 0.80705969 | O93: =SUM(O87:O92)+1044 -> 5411 | R93: SUBTOTAL | T93: =SUM(T87:T92) -> 0.90140363 | U93: =SUM(U87:U92)+576 -> 5842 | W93: SUBTOTAL | Y93: =SUM(Y87:Y92) -> 0.83145444 | Z93: =SUM(Z87:Z92)+912 -> 5411 | AB93: SUBTOTAL | AD93: =SUM(AD87:AD92) -> 0.82295324 | AE93: =SUM(AE87:AE92)+958 -> 5411
E94: 5411 | F94: =E94-E93 -> 0 | J94: 5411 | K94: =J94-J93 -> 0 | O94: 5411 | P94: =O94-O93 -> 0 | S94: 5564 | U94: 5842 | V94: =U94-U93 -> 0 | Z94: 5411 | AA94: =Z94-Z93 -> 0 | AE94: 5411 | AF94: =AE94-AE93 -> 0
B96: MENUS 2026 | G96: MENUS 2026 | L96: MENUS 2026 | R96: MENUS 2026 | W96: MENUS 2026
B97: COMPLEMENTO ALIMENTARIO POBLACION INDIGENA R.I. PAEZ DE CORINTO (NASA) | G97: COMPLEMENTO ALIMENTARIO POBLACION INDIGENA GUADUALITO SANTANDER DE QULICHAO (NASA) | L97: COMPLEMENTO ALIMENTARIO POBLACION INDIGENA HUELLAS -CALOTO (NASA) | R97: COMPLEMENTO ALIMENTARIO POBLACION INDIGENA R.I. JAMBALO (NASA) | W97: COMPLEMENTO ALIMENTARIO POBLACION INDIGENA R.I. LA CONCEPCIÓN
B98: COMPONENTES | D98: % | E98: GRUPO DE 9 A 13 AÑOS | G98: COMPONENTES | I98: PORCENTAJE | J98: GRUPO DE 9 A 13 AÑOS | L98: COMPONENTES | N98: % | O98: GRUPO DE 9 A 13 AÑOS | R98: COMPONENTES | T98: PORCENTAJE | U98: GRUPO DE 9 A 13 AÑOS | W98: COMPONENTES | Y98: PORCENTAJE | Z98: GRUPO DE 9 A 13 AÑOS
B99: ALIMENTOS | D99: =E99/E105 -> 0.48549252 | E99: 2627 | G99: ALIMENTOS | I99: =J99/J105 -> 0.48549252 | J99: 2627 | L99: ALIMENTOS | N99: =O99/O105 -> 0.48549252 | O99: 2627 | R99: ALIMENTOS | T99: =U99/U105 -> 0.48549252 | U99: 2627 | W99: ALIMENTOS | Y99: =Z99/Z105 -> 0.48549252 | Z99: 2627
B100: RECURSO HUMANO | D100: =E100/E105 -> 0.15801146 | E100: 855 | G100: RECURSO HUMANO | I100: =J100/J105 -> 0.17279616 | J100: 935 | L100: RECURSO HUMANO | N100: =O100/O105 -> 0.16891517 | O100: 914 | R100: RECURSO HUMANO | T100: =U100/U105 -> 0.13195343 | U100: 714 | W100: RECURSO HUMANO | Y100: =Z100/Z105 -> 0.091295509 | Z100: 494
B101: COMBUSTIBLE/ SERVICIOS PÚBLICOS | D101: =E101/E105 -> 0.037146553 | E101: 201 | G101: COMBUSTIBLE/ SERVICIOS PÚBLICOS | I101: =J101/J105 -> 0.032895953 | J101: 178 | K101: Ruber | L101: COMBUSTIBLE/ SERVICIOS PÚBLICOS | N101: =O101/O105 -> 0.07965256 | O101: 431 | Q101: James | R101: COMBUSTIBLE/ SERVICIOS PÚBLICOS | T101: =U101/U105 -> 0.092034744 | U101: 498 | V101: Ruber | W101: COMBUSTIBLE/ SERVICIOS PÚBLICOS | Y101: =Z101/Z105 -> 0.066161523 | Z101: 358
B102: TRANSPORTE | D102: =E102/E105 -> 0.04195158 | E102: 227 | G102: TRANSPORTE | I102: =J102/J105 -> 0.042875624 | J102: 232 | L102: TRANSPORTE | N102: =O102/O105 -> 0.029939013 | O102: 162 | R102: TRANSPORTE | T102: =U102/U105 -> 0.020144151 | U102: 109 | W102: TRANSPORTE | Y102: =Z102/Z105 -> 0.011273332 | Z102: 61
B103: SANEAMIENTO | D103: =E103/E105 -> 0.012936611 | E103: 70 | G103: SANEAMIENTO | I103: =J103/J105 -> 0.030308631 | J103: 164 | L103: SANEAMIENTO | N103: =O103/O105 -> 0.030308631 | O103: 164 | R103: SANEAMIENTO | T103: =U103/U105 -> 0.030308631 | U103: 164 | W103: SANEAMIENTO | Y103: =Z103/Z105 -> 0.030308631 | Z103: 164
B104: GASTOS ADMINISTRATIVOS Recurso Humano (personal administrativo, supervisores, coordinador, auxiliares), papeleria,, Capacitación, certificación de aptitud, dotación.etc. | D104: =E104/E105 -> 0.11088523 | E104: 600 | G104: GASTOS ADMINISTRATIVOS Recurso Humano (personal administrativo, supervisores, coordinador, auxiliares), papeleria,, Capacitación, certificación de aptitud, dotación.etc. | I104: =J104/J105 -> 0.11088523 | J104: 600 | L104: GASTOS ADMINISTRATIVOS Recurso Humano (personal administrativo, supervisores, coordinador, auxiliares), papeleria,, Capacitación, certificación de aptitud, dotación.etc. | N104: =O104/O105 -> 0.11088523 | O104: 600 | R104: GASTOS ADMINISTRATIVOS Recurso Humano (personal administrativo, supervisores, coordinador, auxiliares), papeleria,, Capacitación, certificación de aptitud, dotación.etc. | T104: =U104/U105 -> 0.11088523 | U104: 600 | W104: GASTOS ADMINISTRATIVOS Recurso Humano (personal administrativo, supervisores, coordinador, auxiliares), papeleria,, Capacitación, certificación de aptitud, dotación.etc. | Y104: =Z104/Z105 -> 0.11088523 | Z104: 600
B105: SUBTOTAL | D105: =SUM(D99:D104) -> 0.84642395 | E105: =SUM(E99:E104)+831 -> 5411 | G105: SUBTOTAL | I105: =SUM(I99:I104) -> 0.87525411 | J105: =SUM(J99:J104)+675 -> 5411 | L105: SUBTOTAL | N105: =SUM(N99:N104) -> 0.90519313 | O105: =SUM(O99:O104)+513 -> 5411 | R105: SUBTOTAL | T105: =SUM(T99:T104) -> 0.8708187 | U105: =SUM(U99:U104)+699 -> 5411 | W105: SUBTOTAL | Y105: =SUM(Y99:Y104) -> 0.79541674 | Z105: =SUM(Z99:Z104)+1107 -> 5411
E106: 5411 | F106: =E106-E105 -> 0 | J106: 5411 | K106: =J106-J105 -> 0 | O106: 5411 | P106: =O106-O105 -> 0 | U106: 5411 | V106: =U106-U105 -> 0 | Z106: 5411 | AA106: =Z106-Z105 -> 0
B108: MENUS 2026 | G108: MENUS 2026 | L108: MENUS 2026 | R108: MENUS 2026 | W108: MENUS 2026
B109: COMPLEMENTO ALIMENTARIO POBLACION INDIGENA R.I. KOKONUKO (NASA) | G109: COMPLEMENTO ALMUERZO POBLACION INDIGENA R.I. KOKONUKO (NASA) | L109: COMPLEMENTO ALIMENTARIO POBLACION INDIGENA R.I. LAS DELICIAS STANDER DE QUILICHAO | R109: COMPLEMENTO ALIMENTARIO POBLACION INDIGENA PUEBLO TOTOROEZ | W109: COMPLEMENTO ALMUERZO POBLACION INDIGENA PUEBLO TOTOROEZ
B110: COMPONENTES | D110: PORCENTAJE | E110: GRUPO DE 9 A 13 AÑOS | G110: COMPONENTES | I110: PORCENTAJE | J110: GRUPO DE 9 A 13 AÑOS | L110: COMPONENTES | N110: % | O110: GRUPO DE 9 A 13 AÑOS | R110: COMPONENTES | T110: PORCENTAJE | U110: GRUPO DE 9 A 13 AÑOS | W110: COMPONENTES | Y110: PORCENTAJE | Z110: GRUPO DE 9 A 13 AÑOS
B111: ALIMENTOS | D111: =E111/E117 -> 0.48549252 | E111: 2627 | G111: ALIMENTOS | I111: =J111/J117 -> 0.56600238 | J111: 3323 | L111: ALIMENTOS | N111: =O111/O117 -> 0.48549252 | O111: 2627 | R111: ALIMENTOS | T111: =U111/U117 -> 0.48549252 | U111: 2627 | W111: ALIMENTOS | Y111: =Z111/Z117 -> 0.56881205 | Z111: 3323
B112: RECURSO HUMANO | D112: =E112/E117 -> 0.12788764 | E112: 692 | G112: RECURSO HUMANO | I112: =J112/J117 -> 0.27831715 | J112: 1634 | L112: RECURSO HUMANO | N112: =O112/O117 -> 0.22897801 | O112: 1239 | R112: RECURSO HUMANO | T112: =U112/U117 -> 0.14507485 | U112: 785 | W112: RECURSO HUMANO | Y112: =Z112/Z117 -> 0.16295789 | Z112: 952
B113: COMBUSTIBLE/ SERVICIOS PÚBLICOS | D113: =E113/E117 -> 0.024764369 | E113: 134 | G113: COMBUSTIBLE/ SERVICIOS PÚBLICOS | I113: =J113/J117 -> 0.02282405 | J113: 134 | K113: Jose B. | L113: COMBUSTIBLE/ SERVICIOS PÚBLICOS | N113: =O113/O117 -> 0.037146553 | O113: 201 | Q113: Jose B. | R113: COMBUSTIBLE/ SERVICIOS PÚBLICOS | T113: =U113/U117 -> 0.069303271 | U113: 375 | V113: James | W113: COMBUSTIBLE/ SERVICIOS PÚBLICOS | Y113: =Z113/Z117 -> 0.064190346 | Z113: 375
B114: TRANSPORTE | D114: =E114/E117 -> 0.020698577 | E114: 112 | G114: TRANSPORTE | I114: =J114/J117 -> 0.019076818 | J114: 112 | L114: TRANSPORTE | N114: =O114/O117 -> 0.072629828 | O114: 393 | R114: TRANSPORTE | T114: =U114/U117 -> 0.012936611 | U114: 70 | W114: TRANSPORTE | Y114: =Z114/Z117 -> 0.011982198 | Z114: 70
B115: SANEAMIENTO | D115: =E115/E117 -> 0.021068194 | E115: 114 | G115: SANEAMIENTO | I115: =J115/J117 -> 0.036791007 | J115: 216 | L115: SANEAMIENTO | N115: =O115/O117 -> 0.029939013 | O115: 162 | R115: SANEAMIENTO | T115: =U115/U117 -> 0.030308631 | U115: 164 | W115: SANEAMIENTO | Y115: =Z115/Z117 -> 0.036973639 | Z115: 216
B116: GASTOS ADMINISTRATIVOS Recurso Humano (personal administrativo, supervisores, coordinador, auxiliares), papeleria,, Capacitación, certificación de aptitud, dotación.etc. | D116: =E116/E117 -> 0.11088523 | E116: 600 | G116: GASTOS ADMINISTRATIVOS Recurso Humano (personal administrativo, supervisores, coordinador, auxiliares), papeleria,, Capacitación, certificación de aptitud, dotación.etc. | I116: =J116/J117 -> 0.076988588 | J116: 452 | L116: GASTOS ADMINISTRATIVOS Recurso Humano (personal administrativo, supervisores, coordinador, auxiliares), papeleria,, Capacitación, certificación de aptitud, dotación.etc. | N116: =O116/O117 -> 0.11088523 | O116: 600 | R116: GASTOS ADMINISTRATIVOS Recurso Humano (personal administrativo, supervisores, coordinador, auxiliares), papeleria,, Capacitación, certificación de aptitud, dotación.etc. | T116: =U116/U117 -> 0.11088523 | U116: 600 | W116: GASTOS ADMINISTRATIVOS Recurso Humano (personal administrativo, supervisores, coordinador, auxiliares), papeleria,, Capacitación, certificación de aptitud, dotación.etc. | Y116: =Z116/Z117 -> 0.077370763 | Z116: 452
B117: SUBTOTAL | D117: =SUM(D111:D116) -> 0.79079653 | E117: =SUM(E111:E116)+1132 -> 5411 | G117: SUBTOTAL | I117: =SUM(I111:I116) -> 1 | J117: =SUM(J111:J116) -> 5871 | L117: SUBTOTAL | N117: =SUM(N111:N116) -> 0.96507115 | O117: =SUM(O111:O116)+189 -> 5411 | R117: SUBTOTAL | T117: =SUM(T111:T116) -> 0.85400111 | U117: =SUM(U111:U116)+790 -> 5411 | W117: SUBTOTAL | Y117: =SUM(Y111:Y116) -> 0.92228689 | Z117: =SUM(Z111:Z116)+454 -> 5842
...

Sheet 1,1COMPLPORZONA
A1: PRESUPUESTO COSTO UNITARO DE COMPLEMENTO POR ZONA, MUNIICIPIO, POBLACIÓN A ATENDER Y DIAS DE EJECUCIÓN
A2: ZONA | B2: MUNICIPIO | C2: POBLACIÓN | D2: TIPO/MODALIDAD DE COMPLEMENTO | E2: GRADOS | J2: BENEF./ CUPOS | K2: No COMPL. A ENTREGAR | L2: GRADO 0 | M2: GRADO 1,2,3 | N2: GRADO 4, 5 | O2: GRADO 6, 7, 8, 9 9 A 13 AÑOS | P2: GRADO 10, 11 | Q2: DIAS DE EJECUCUÓN | R2: GRADO 0 | S2: GRADO 1,2,3 | T2: GRADO 4, 5 | U2: GRADO 6, 7, 8, 9 9 A 13 AÑOS | V2: GRADO 10, 11 | W2: SUBTOTALES
E3: GRADO 0 | F3: GRADO 1-2-3 | G3: GRADO 4-5 | H3: GRADO 6-7-8-9 | I3: GRADO 10-11
A4: MACIZO | B4: ALMAGUER | C4: MAYORITARIA | D4: CAJM-T PS, CAJM-T RI, CCT | E4: 69 | F4: 310 | G4: 200 | H4: 182 | I4: 82 | J4: =SUM(E4:I4) -> 843 | K4: =J4*Q4 -> 108747 | L4: ='1,1 SUMINISTRAR COM. PRE UNI. '!E35 -> 4145 | M4: ='1,1 SUMINISTRAR COM. PRE UNI. '!F35 -> 4327 | N4: ='1,1 SUMINISTRAR COM. PRE UNI. '!G35 -> 4586 | O4: ='1,1 SUMINISTRAR COM. PRE UNI. '!H35 -> 4919 | P4: ='1,1 SUMINISTRAR COM. PRE UNI. '!I35 -> 5228 | Q4: 129 | R4: =E4*L4*Q4 -> 36894645 | S4: =F4*M4*Q4 -> 173036730 | T4: =G4*N4*Q4 -> 118318800 | U4: =H4*O4*Q4 -> 115488282 | V4: =I4*P4*Q4 -> 55301784 | W4: =SUM(R4:V4) -> 499040241
A5: MACIZO | B5: ALMAGUER | C5: MAYORITARIA | D5: CAA | E5: 47 | F5: 140 | G5: 104 | H5: 228 | I5: 165 | J5: =SUM(E5:I5) -> 684 | K5: =J5*Q5 -> 88236 | L5: ='1,1 SUMINISTRAR COM. PRE UNI. '!O35 -> 4619 | M5: ='1,1 SUMINISTRAR COM. PRE UNI. '!P35 -> 5003 | N5: ='1,1 SUMINISTRAR COM. PRE UNI. '!Q35 -> 5349 | O5: ='1,1 SUMINISTRAR COM. PRE UNI. '!R35 -> 5930 | P5: ='1,1 SUMINISTRAR COM. PRE UNI. '!S35 -> 6415 | Q5: =$Q$4 -> 129 | R5: =E5*L5*Q5 -> 28004997 | S5: =F5*M5*Q5 -> 90354180 | T5: =G5*N5*Q5 -> 71762184 | U5: =H5*O5*Q5 -> 174413160 | V5: =I5*P5*Q5 -> 136543275 | W5: =SUM(R5:V5) -> 501077796
A6: MACIZO | B6: ALMAGUER | C6: IND.-CAQUIONA-CRIC | D6: CAJM-TPS. | E6: 30 | F6: 107 | G6: 76 | H6: 84 | I6: 51 | J6: =SUM(E6:I6) -> 348 | K6: =J6*Q6 -> 44892 | L6: ='1,1 SUMINISTRAR COM. PRE UNI. '!E80 -> 5411 | M6: =L$6 -> 5411 | N6: =M$6 -> 5411 | O6: =N$6 -> 5411 | P6: =O$6 -> 5411 | Q6: =$Q$4 -> 129 | R6: =E6*L6*Q6 -> 20940570 | S6: =F6*M6*Q6 -> 74688033 | T6: =G6*N6*Q6 -> 53049444 | U6: =H6*O6*Q6 -> 58633596 | V6: =I6*P6*Q6 -> 35598969 | W6: =SUM(R6:V6) -> 242910612
A7: SUR | B7: ARGELIA | C7: MAYORITARIA | D7: CAJM-T PS, CAJM-T RI, CCT | E7: 419 | F7: 1355 | G7: 1072 | H7: 1396 | I7: 268 | J7: =SUM(E7:I7) -> 4510 | K7: =J7*Q7 -> 581790 | L7: ='1,1 SUMINISTRAR COM. PRE UNI. '!E57 -> 3981 | M7: ='1,1 SUMINISTRAR COM. PRE UNI. '!F57 -> 4163 | N7: ='1,1 SUMINISTRAR COM. PRE UNI. '!G57 -> 4422 | O7: ='1,1 SUMINISTRAR COM. PRE UNI. '!H57 -> 4755 | P7: ='1,1 SUMINISTRAR COM. PRE UNI. '!I57 -> 5064 | Q7: =$Q$4 -> 129 | R7: =E7*L7*Q7 -> 215177031 | S7: =F7*M7*Q7 -> 727671585 | T7: =G7*N7*Q7 -> 611509536 | U7: =H7*O7*Q7 -> 856299420 | V7: =I7*P7*Q7 -> 175072608 | W7: =SUM(R7:V7) -> 2585730180
A8: SUR | B8: ARGELIA | C8: MAYORITARIA | D8: CAA | E8: 0 | F8: 0 | G8: 0 | H8: 0 | I8: 267 | J8: =SUM(E8:I8) -> 267 | K8: =J8*Q8 -> 34443 | L8: ='1,1 SUMINISTRAR COM. PRE UNI. '!O57 -> 4588 | M8: ='1,1 SUMINISTRAR COM. PRE UNI. '!P57 -> 4972 | N8: ='1,1 SUMINISTRAR COM. PRE UNI. '!Q57 -> 5318 | O8: ='1,1 SUMINISTRAR COM. PRE UNI. '!R57 -> 5899 | P8: ='1,1 SUMINISTRAR COM. PRE UNI. '!S57 -> 6384 | Q8: =$Q$4 -> 129 | R8: =E8*L8*Q8 -> 0 | S8: =F8*M8*Q8 -> 0 | T8: =G8*N8*Q8 -> 0 | U8: =H8*O8*Q8 -> 0 | V8: =I8*P8*Q8 -> 219884112 | W8: =SUM(R8:V8) -> 219884112
A9: SUR | B9: BALBOA | C9: MAYORITARIA | D9: CAJM-T PS, CAJM-T, CCT | E9: 247 | F9: 721 | G9: 564 | H9: 997 | I9: 348 | J9: =SUM(E9:I9) -> 2877 | K9: =J9*Q9 -> 371133 | L9: =$L$7 -> 3981 | M9: =$M$7 -> 4163 | N9: =$N$7 -> 4422 | O9: =$O$7 -> 4755 | P9: =$P$7 -> 5064 | Q9: =$Q$4 -> 129 | R9: =E9*L9*Q9 -> 126846603 | S9: =F9*M9*Q9 -> 387196467 | T9: =G9*N9*Q9 -> 321727032 | U9: =H9*O9*Q9 -> 611554815 | V9: =I9*P9*Q9 -> 227333088 | W9: =SUM(R9:V9) -> 1674658005
A10: SUR | B10: BALBOA | C10: MAYORITARIA | D10: RI | E10: 7 | F10: 0 | G10: 0 | H10: 0 | I10: 0 | J10: =SUM(E10:I10) -> 7 | K10: =J10*Q10 -> 903 | L10: =$L$7 -> 3981 | M10: =$M$7 -> 4163 | N10: =$N$7 -> 4422 | O10: =$O$7 -> 4755 | P10: =$P$7 -> 5064 | Q10: =$Q$4 -> 129 | R10: =E10*L10*Q10 -> 3594843 | S10: =F10*M10*Q10 -> 0 | T10: =G10*N10*Q10 -> 0 | U10: =H10*O10*Q10 -> 0 | V10: =I10*P10*Q10 -> 0 | W10: =SUM(R10:V10) -> 3594843
A11: SUR | B11: BALBOA | C11: MAYORITARIA | D11: CAA | E11: 0 | F11: 0 | G11: 0 | H11: 0 | I11: 56 | J11: =SUM(E11:I11) -> 56 | K11: =J11*Q11 -> 7224 | L11: =$L$8 -> 4588 | M11: =$M$8 -> 4972 | N11: =$N$8 -> 5318 | O11: =$O$8 -> 5899 | P11: =$P$8 -> 6384 | Q11: =$Q$4 -> 129 | R11: =E11*L11*Q11 -> 0 | S11: =F11*M11*Q11 -> 0 | T11: =G11*N11*Q11 -> 0 | U11: =H11*O11*Q11 -> 0 | V11: =I11*P11*Q11 -> 46118016 | W11: =SUM(R11:V11) -> 46118016
A12: SUR | B12: BOLIVAR | C12: MAYORITARIA | D12: CAJM-T PS, CAJM-T RI, CCT | E12: 265 | F12: 930 | G12: 760 | H12: 654 | I12: 158 | J12: =SUM(E12:I12) -> 2767 | K12: =J12*Q12 -> 356943 | L12: =$L$7 -> 3981 | M12: =$M$7 -> 4163 | N12: =$N$7 -> 4422 | O12: =$O$7 -> 4755 | P12: =$P$7 -> 5064 | Q12: =$Q$4 -> 129 | R12: =E12*L12*Q12 -> 136090485 | S12: =F12*M12*Q12 -> 499435110 | T12: =G12*N12*Q12 -> 433532880 | U12: =H12*O12*Q12 -> 401160330 | V12: =I12*P12*Q12 -> 103214448 | W12: =SUM(R12:V12) -> 1573433253
A13: SUR | B13: BOLIVAR | C13: MAYORITARIA | D13: CAA | E13: 38 | F13: 138 | G13: 117 | H13: 526 | I13: 325 | J13: =SUM(E13:I13) -> 1144 | K13: =J13*Q13 -> 147576 | L13: =$L$8 -> 4588 | M13: =$M$8 -> 4972 | N13: =$N$8 -> 5318 | O13: =$O$8 -> 5899 | P13: =$P$8 -> 6384 | Q13: =$Q$4 -> 129 | R13: =E13*L13*Q13 -> 22490376 | S13: =F13*M13*Q13 -> 88511544 | T13: =G13*N13*Q13 -> 80264574 | U13: =H13*O13*Q13 -> 400270746 | V13: =I13*P13*Q13 -> 267649200 | W13: =SUM(R13:V13) -> 859186440
A14: SUR | B14: BOLIVAR | C14: MAYORITARIA | D14: RI | E14: 12 | F14: 0 | G14: 0 | H14: 0 | I14: 0 | J14: =SUM(E14:I14) -> 12 | K14: =J14*Q14 -> 1548 | L14: =$L$7 -> 3981 | M14: =$M$7 -> 4163 | N14: =$N$7 -> 4422 | O14: =$O$7 -> 4755 | P14: =$P$7 -> 5064 | Q14: =$Q$4 -> 129 | R14: =E14*L14*Q14 -> 6162588 | S14: =F14*M14*Q14 -> 0 | T14: =G14*N14*Q14 -> 0 | U14: =H14*O14*Q14 -> 0 | V14: =I14*P14*Q14 -> 0 | W14: =SUM(R14:V14) -> 6162588
A15: SUR | B15: BOLIVAR | C15: IND.-GUACHICONO-CRIC | D15: CAJM-TPS. | E15: 22 | F15: 62 | G15: 55 | H15: 136 | I15: 50 | J15: =SUM(E15:I15) -> 325 | K15: =J15*Q15 -> 41925 | L15: ='1,1 SUMINISTRAR COM. PRE UNI. '!O80 -> 5411 | M15: =L$15 -> 5411 | N15: =M$15 -> 5411 | O15: =N$15 -> 5411 | P15: =O$15 -> 5411 | Q15: =$Q$4 -> 129 | R15: =E15*L15*Q15 -> 15356418 | S15: =F15*M15*Q15 -> 43277178 | T15: =G15*N15*Q15 -> 38391045 | U15: =H15*O15*Q15 -> 94930584 | V15: =I15*P15*Q15 -> 34900950 | W15: =SUM(R15:V15) -> 226856175
A16: NORTE | B16: BUENOS AIRES | C16: MAYORITARIA | D16: CAJM-T PS, CAJM-T RI, CCT | E16: 254 | F16: 913 | G16: 650 | H16: 661 | I16: 84 | J16: =SUM(E16:I16) -> 2562 | K16: =J16*Q16 -> 330498 | L16: ='1,1 SUMINISTRAR COM. PRE UNI. '!E46 -> 3265 | M16: ='1,1 SUMINISTRAR COM. PRE UNI. '!F46 -> 3447 | N16: ='1,1 SUMINISTRAR COM. PRE UNI. '!G46 -> 3706 | O16: ='1,1 SUMINISTRAR COM. PRE UNI. '!H46 -> 4039 | P16: ='1,1 SUMINISTRAR COM. PRE UNI. '!I46 -> 4348 | Q16: =$Q$4 -> 129 | R16: =E16*L16*Q16 -> 106980990 | S16: =F16*M16*Q16 -> 405977319 | T16: =G16*N16*Q16 -> 310748100 | U16: =H16*O16*Q16 -> 344401491 | V16: =I16*P16*Q16 -> 47114928 | W16: =SUM(R16:V16) -> 1215222828
A17: NORTE | B17: BUENOS AIRES | C17: MAYORITARIA | D17: CAA | E17: 0 | F17: 22 | G17: 13 | H17: 39 | I17: 228 | J17: =SUM(E17:I17) -> 302 | K17: =J17*Q17 -> 38958 | L17: ='1,1 SUMINISTRAR COM. PRE UNI. '!O46 -> 4304 | M17: ='1,1 SUMINISTRAR COM. PRE UNI. '!P46 -> 4688 | N17: ='1,1 SUMINISTRAR COM. PRE UNI. '!Q46 -> 5034 | O17: ='1,1 SUMINISTRAR COM. PRE UNI. '!R46 -> 5615 | P17: ='1,1 SUMINISTRAR COM. PRE UNI. '!S46 -> 6035 | Q17: =$Q$4 -> 129 | R17: =E17*L17*Q17 -> 0 | S17: =F17*M17*Q17 -> 13304544 | T17: =G17*N17*Q17 -> 8442018 | U17: =H17*O17*Q17 -> 28249065 | V17: =I17*P17*Q17 -> 177501420 | W17: =SUM(R17:V17) -> 227497047
A18: NORTE | B18: BUENOS AIRES | C18: IND.-DELICIAS-CRC | D18: CAJM-TPS. | E18: 61 | F18: 212 | G18: 189 | H18: 202 | I18: 32 | J18: =SUM(E18:I18) -> 696 | K18: =J18*Q18 -> 89784 | L18: ='1,1 SUMINISTRAR COM. PRE UNI. '!O117 -> 5411 | M18: =$L$18 -> 5411 | N18: =$L$18 -> 5411 | O18: =$L$18 -> 5411 | P18: =$L$18 -> 5411 | Q18: =$Q$4 -> 129 | R18: =E18*L18*Q18 -> 42579159 | S18: =F18*M18*Q18 -> 147980028 | T18: =G18*N18*Q18 -> 131925591 | U18: =H18*O18*Q18 -> 140999838 | V18: =I18*P18*Q18 -> 22336608 | W18: =SUM(R18:V18) -> 485821224
A19: NORTE | B19: BUENOS AIRES | C19: IND.-GUADUALITO-CRIC | D19: CAJM-TPS. | E19: 46 | F19: 106 | G19: 82 | H19: 85 | I19: 39 | J19: =SUM(E19:I19) -> 358 | K19: =J19*Q19 -> 46182 | L19: ='1,1 SUMINISTRAR COM. PRE UNI. '!J105 -> 5411 | M19: =$L$19 -> 5411 | N19: =$L$19 -> 5411 | O19: =$L$19 -> 5411 | P19: =$L$19 -> 5411 | Q19: =$Q$4 -> 129 | R19: =E19*L19*Q19 -> 32108874 | S19: =F19*M19*Q19 -> 73990014 | T19: =G19*N19*Q19 -> 57237558 | U19: =H19*O19*Q19 -> 59331615 | V19: =I19*P19*Q19 -> 27222741 | W19: =SUM(R19:V19) -> 249890802
A20: NORTE | B20: BUENOS AIRES | C20: IND.-GUAMBIA | D20: CAJM-TPS. | E20: 10 | F20: 38 | G20: 36 | H20: 90 | I20: 33 | J20: =SUM(E20:I20) -> 207 | K20: =J20*Q20 -> 26703 | L20: 5385 | M20: 5385 | N20: 5385 | O20: 5385 | P20: 5385 | Q20: =$Q$4 -> 129 | R20: =E20*L20*Q20 -> 6946650 | S20: =F20*M20*Q20 -> 26397270 | T20: =G20*N20*Q20 -> 25007940 | U20: =H20*O20*Q20 -> 62519850 | V20: =I20*P20*Q20 -> 22923945 | W20: =SUM(R20:V20) -> 143795655
A21: CENTRO | B21: CAJIBIO | C21: MAYORITARIA | D21: CAJM-T PS, CAJM-T RI, CCT | E21: 412 | F21: 1410 | G21: 1045 | H21: 1507 | I21: 402 | J21: =SUM(E21:I21) -> 4776 | K21: =J21*Q21 -> 616104 | L21: ='1,1 SUMINISTRAR COM. PRE UNI. '!E13 -> 3602 | M21: ='1,1 SUMINISTRAR COM. PRE UNI. '!F13 -> 3784 | N21: ='1,1 SUMINISTRAR COM. PRE UNI. '!G13 -> 4043 | O21: ='1,1 SUMINISTRAR COM. PRE UNI. '!H13 -> 4376 | P21: ='1,1 SUMINISTRAR COM. PRE UNI. '!I13 -> 4685 | Q21: =$Q$4 -> 129 | R21: =E21*L21*Q21 -> 191439096 | S21: =F21*M21*Q21 -> 688271760 | T21: =G21*N21*Q21 -> 545016615 | U21: =H21*O21*Q21 -> 850707528 | V21: =I21*P21*Q21 -> 242954730 | W21: =SUM(R21:V21) -> 2518389729
A22: CENTRO | B22: CAJIBIO | C22: MAYORITARIA | D22: CAA | E22: 40 | F22: 131 | G22: 94 | H22: 289 | I22: 373 | J22: =SUM(E22:I22) -> 927 | K22: =J22*Q22 -> 119583 | L22: ='1,1 SUMINISTRAR COM. PRE UNI. '!O13 -> 4717 | M22: ='1,1 SUMINISTRAR COM. PRE UNI. '!P13 -> 5101 | N22: ='1,1 SUMINISTRAR COM. PRE UNI. '!Q13 -> 5447 | O22: ='1,1 SUMINISTRAR COM. PRE UNI. '!R13 -> 6028 | P22: ='1,1 SUMINISTRAR COM. PRE UNI. '!S13 -> 6513 | Q22: =$Q$4 -> 129 | R22: =E22*L22*Q22 -> 24339720 | S22: =F22*M22*Q22 -> 86201799 | T22: =G22*N22*Q22 -> 66050322 | U22: =H22*O22*Q22 -> 224729868 | V22: =I22*P22*Q22 -> 313386021 | W22: =SUM(R22:V22) -> 714707730
A23: NORTE | B23: CALDONO | C23: MAYORITARIA | D23: CAJM-T PS, CAJM-T RI, CCT | E23: 12 | F23: 88 | G23: 65 | H23: 241 | I23: 0 | J23: =SUM(E23:I23) -> 406 | K23: =J23*Q23 -> 52374 | L23: =$L$16 -> 3265 | M23: =$M$16 -> 3447 | N23: =$N$16 -> 3706 | O23: =$O$16 -> 4039 | P23: =$P$16 -> 4348 | Q23: =$Q$4 -> 129 | R23: =E23*L23*Q23 -> 5054220 | S23: =F23*M23*Q23 -> 39130344 | T23: =G23*N23*Q23 -> 31074810 | U23: =H23*O23*Q23 -> 125568471 | V23: =I23*P23*Q23 -> 0 | W23: =SUM(R23:V23) -> 200827845
A24: NORTE | B24: CALDONO | C24: MAYORITARIA | D24: CAA | E24: 37 | F24: 133 | G24: 127 | H24: 593 | I24: 378 | J24: =SUM(E24:I24) -> 1268 | K24: =J24*Q24 -> 163572 | L24: =$L$17 -> 4304 | M24: =$M$17 -> 4688 | N24: =$N$17 -> 5034 | O24: =$O$17 -> 5615 | P24: =$P$17 -> 6035 | Q24: =$Q$4 -> 129 | R24: =E24*L24*Q24 -> 20542992 | S24: =F24*M24*Q24 -> 80432016 | T24: =G24*N24*Q24 -> 82472022 | U24: =H24*O24*Q24 -> 429530655 | V24: =I24*P24*Q24 -> 294278670 | W24: =SUM(R24:V24) -> 907256355
A25: NORTE | B25: CALDONO | C25: IND.-UKAWE-CRIC | D25: CAJM-TPS. | E25: 571 | F25: 1948 | G25: 1366 | H25: 1845 | I25: 670 | J25: =SUM(E25:I25) -> 6400 | K25: =J25*Q25 -> 825600 | L25: ='1,1 SUMINISTRAR COM. PRE UNI. '!AO80 -> 5411 | M25: =$L$25 -> 5411 | N25: =$L$25 -> 5411 | O25: =$L$25 -> 5411 | P25: =$L$25 -> 5411 | Q25: =$Q$4 -> 129 | R25: =E25*L25*Q25 -> 398568849 | S25: =F25*M25*Q25 -> 1359741012 | T25: =G25*N25*Q25 -> 953493954 | U25: =H25*O25*Q25 -> 1287845055 | V25: =I25*P25*Q25 -> 467672730 | W25: =SUM(R25:V25) -> 4467321600
A26: NORTE | B26: CALDONO | C26: IND.-UKAWE-CRIC | D26: RI | E26: 6 | F26: 0 | G26: 0 | H26: 0 | I26: 0 | J26: =SUM(E26:I26) -> 6 | K26: =J26*Q26 -> 774 | L26: =$L$25 -> 5411 | M26: =$L$25 -> 5411 | N26: =$L$25 -> 5411 | O26: =$L$25 -> 5411 | P26: =$L$25 -> 5411 | Q26: =$Q$4 -> 129 | R26: =E26*L26*Q26 -> 4188114 | S26: =F26*M26*Q26 -> 0 | T26: =G26*N26*Q26 -> 0 | U26: =H26*O26*Q26 -> 0 | V26: =I26*P26*Q26 -> 0 | W26: =SUM(R26:V26) -> 4188114
A27: NORTE | B27: CALDONO | C27: IND.-GUAMBIA | D27: CAJM-TPS. | E27: 16 | F27: 68 | G27: 55 | H27: 62 | I27: 32 | J27: =SUM(E27:I27) -> 233 | K27: =J27*Q27 -> 30057 | L27: 5385 | M27: 5385 | N27: 5385 | O27: 5385 | P27: 5385 | Q27: =$Q$4 -> 129 | R27: =E27*L27*Q27 -> 11114640 | S27: =F27*M27*Q27 -> 47237220 | T27: =G27*N27*Q27 -> 38206575 | U27: =H27*O27*Q27 -> 43069230 | V27: =I27*P27*Q27 -> 22229280 | W27: =SUM(R27:V27) -> 161856945
A28: NORTE | B28: CALOTO | C28: MAYORITARIA | D28: CAJM-T PS, CAJM-T RI, CCT | E28: 147 | F28: 637 | G28: 453 | H28: 736 | I28: 0 | J28: =SUM(E28:I28) -> 1973 | K28: =J28*Q28 -> 254517 | L28: =$L$16 -> 3265 | M28: =$M$16 -> 3447 | N28: =$N$16 -> 3706 | O28: =$O$16 -> 4039 | P28: =$P$16 -> 4348 | Q28: =$Q$4 -> 129 | R28: =E28*L28*Q28 -> 61914195 | S28: =F28*M28*Q28 -> 283250331 | T28: =G28*N28*Q28 -> 216567522 | U28: =H28*O28*Q28 -> 383478816 | V28: =I28*P28*Q28 -> 0 | W28: =SUM(R28:V28) -> 945210864
A29: NORTE | B29: CALOTO | C29: MAYORITARIA | D29: CAA | E29: 0 | F29: 0 | G29: 0 | H29: 0 | I29: 255 | J29: =SUM(E29:I29) -> 255 | K29: =J29*Q29 -> 32895 | L29: =$L$17 -> 4304 | M29: =$M$17 -> 4688 | N29: =$N$17 -> 5034 | O29: =$O$17 -> 5615 | P29: =$P$17 -> 6035 | Q29: =$Q$4 -> 129 | R29: =E29*L29*Q29 -> 0 | S29: =F29*M29*Q29 -> 0 | T29: =G29*N29*Q29 -> 0 | U29: =H29*O29*Q29 -> 0 | V29: =I29*P29*Q29 -> 198521325 | W29: =SUM(R29:V29) -> 198521325
A30: NORTE | B30: CALOTO | C30: IND.-HUELLAS-CRIC | D30: CAJM-TPS. | E30: 144 | F30: 532 | G30: 352 | H30: 463 | I30: 206 | J30: =SUM(E30:I30) -> 1697 | K30: =J30*Q30 -> 218913 | L30: ='1,1 SUMINISTRAR COM. PRE UNI. '!O105 -> 5411 | M30: =$L$30 -> 5411 | N30: =$L$30 -> 5411 | O30: =$L$30 -> 5411 | P30: =$L$30 -> 5411 | Q30: =$Q$4 -> 129 | R30: =E30*L30*Q30 -> 100514736 | S30: =F30*M30*Q30 -> 371346108 | T30: =G30*N30*Q30 -> 245702688 | U30: =H30*O30*Q30 -> 323182797 | V30: =I30*P30*Q30 -> 143791914 | W30: =SUM(R30:V30) -> 1184538243
A31: NORTE | B31: CORINTO | C31: MAYORITARIA | D31: CAJM-T PS, CAJM-T, CCT | E31: 182 | F31: 732 | G31: 562 | H31: 84 | I31: 0 | J31: =SUM(E31:I31) -> 1560 | K31: =J31*Q31 -> 201240 | L31: =$L$16 -> 3265 | M31: =$M$16 -> 3447 | N31: =$N$16 -> 3706 | O31: =$O$16 -> 4039 | P31: =$P$16 -> 4348 | Q31: =$Q$4 -> 129 | R31: =E31*L31*Q31 -> 76655670 | S31: =F31*M31*Q31 -> 325493316 | T31: =G31*N31*Q31 -> 268677588 | U31: =H31*O31*Q31 -> 43766604 | V31: =I31*P31*Q31 -> 0 | W31: =SUM(R31:V31) -> 714593178
A32: NORTE | B32: CORINTO | C32: MAYORITARIA | D32: RI | E32: 0 | F32: 0 | G32: 0 | H32: 322 | I32: 0 | J32: =SUM(E32:I32) -> 322 | K32: =J32*Q32 -> 41538 | L32: =$L$16 -> 3265 | M32: =$M$16 -> 3447 | N32: =$N$16 -> 3706 | O32: =$O$16 -> 4039 | P32: =$P$16 -> 4348 | Q32: =$Q$4 -> 129 | R32: =E32*L32*Q32 -> 0 | S32: =F32*M32*Q32 -> 0 | T32: =G32*N32*Q32 -> 0 | U32: =H32*O32*Q32 -> 167771982 | V32: =I32*P32*Q32 -> 0 | W32: =SUM(R32:V32) -> 167771982
A33: NORTE | B33: CORINTO | C33: MAYORITARIA | D33: CAA | E33: 0 | F33: 0 | G33: 0 | H33: 366 | I33: 194 | J33: =SUM(E33:I33) -> 560 | K33: =J33*Q33 -> 72240 | L33: =$L$17 -> 4304 | M33: =$M$17 -> 4688 | N33: =$N$17 -> 5034 | O33: =$O$17 -> 5615 | P33: =$P$17 -> 6035 | Q33: =$Q$4 -> 129 | R33: =E33*L33*Q33 -> 0 | S33: =F33*M33*Q33 -> 0 | T33: =G33*N33*Q33 -> 0 | U33: =H33*O33*Q33 -> 265106610 | V33: =I33*P33*Q33 -> 151031910 | W33: =SUM(R33:V33) -> 416138520
A34: NORTE | B34: CORINTO | C34: IND.- PAEZ DE CORINTO-CRIC | D34: CAJM-TPS. | E34: 101 | F34: 363 | G34: 239 | H34: 342 | I34: 146 | J34: =SUM(E34:I34) -> 1191 | K34: =J34*Q34 -> 153639 | L34: ='1,1 SUMINISTRAR COM. PRE UNI. '!E105 -> 5411 | M34: =$L$34 -> 5411 | N34: =$L$34 -> 5411 | O34: =$L$34 -> 5411 | P34: =$L$34 -> 5411 | Q34: =$Q$4 -> 129 | R34: =E34*L34*Q34 -> 70499919 | S34: =F34*M34*Q34 -> 253380897 | T34: =G34*N34*Q34 -> 166826541 | U34: =H34*O34*Q34 -> 238722498 | V34: =I34*P34*Q34 -> 101910774 | W34: =SUM(R34:V34) -> 831340629
A35: CENTRO | B35: EL TAMBO | C35: MAYORITARIA | D35: CAJM-T PS, CAJM-T RI, CCT | E35: 324 | F35: 1048 | G35: 752 | H35: 1447 | I35: 339 | J35: =SUM(E35:I35) -> 3910 | K35: =J35*Q35 -> 504390 | L35: =$L$21 -> 3602 | M35: =$M$21 -> 3784 | N35: =$N$21 -> 4043 | O35: =$O$21 -> 4376 | P35: =$P$21 -> 4685 | Q35: =$Q$4 -> 129 | R35: =E35*L35*Q35 -> 150549192 | S35: =F35*M35*Q35 -> 511566528 | T35: =G35*N35*Q35 -> 392203344 | U35: =H35*O35*Q35 -> 816837288 | V35: =I35*P35*Q35 -> 204879735 | W35: =SUM(R35:V35) -> 2076036087
A36: CENTRO | B36: EL TAMBO | C36: MAYORITARIA | D36: RI | E36: 10 | F36: 0 | G36: 0 | H36: 0 | I36: 0 | J36: =SUM(E36:I36) -> 10 | K36: =J36*Q36 -> 1290 | L36: =$L$21 -> 3602 | M36: =$M$21 -> 3784 | N36: =$N$21 -> 4043 | O36: =$O$21 -> 4376 | P36: =$P$21 -> 4685 | Q36: =$Q$4 -> 129 | R36: =E36*L36*Q36 -> 4646580 | S36: =F36*M36*Q36 -> 0 | T36: =G36*N36*Q36 -> 0 | U36: =H36*O36*Q36 -> 0 | V36: =I36*P36*Q36 -> 0 | W36: =SUM(R36:V36) -> 4646580
A37: CENTRO | B37: EL TAMBO | C37: MAYORITARIA | D37: CAA | E37: 0 | F37: 0 | G37: 0 | H37: 76 | I37: 255 | J37: =SUM(E37:I37) -> 331 | K37: =J37*Q37 -> 42699 | L37: =$L$22 -> 4717 | M37: =$M$22 -> 5101 | N37: =$N$22 -> 5447 | O37: =$O$22 -> 6028 | P37: =$P$22 -> 6513 | Q37: =$Q$4 -> 129 | R37: =E37*L37*Q37 -> 0 | S37: =F37*M37*Q37 -> 0 | T37: =G37*N37*Q37 -> 0 | U37: =H37*O37*Q37 -> 59098512 | V37: =I37*P37*Q37 -> 214245135 | W37: =SUM(R37:V37) -> 273343647
A38: CENTRO | B38: EL TAMBO | C38: IND.-UT-CRIC | D38: CAJM-TPS. | E38: 31 | F38: 62 | G38: 47 | H38: 131 | I38: 67 | J38: =SUM(E38:I38) -> 338 | K38: =J38*Q38 -> 43602 | L38: ='1,1 SUMINISTRAR COM. PRE UNI. '!O129 -> 5411 | M38: =$L$38 -> 5411 | N38: =$L$38 -> 5411 | O38: =$L$38 -> 5411 | P38: =$L$38 -> 5411 | Q38: =$Q$4 -> 129 | R38: =E38*L38*Q38 -> 21638589 | S38: =F38*M38*Q38 -> 43277178 | T38: =G38*N38*Q38 -> 32806893 | U38: =H38*O38*Q38 -> 91440489 | V38: =I38*P38*Q38 -> 46767273 | W38: =SUM(R38:V38) -> 235930422
A39: SUR | B39: FLORENCIA | C39: MAYORITARIA | D39: CAJM-T PS, CAJM-T RI, CCT | E39: 52 | F39: 254 | G39: 143 | H39: 237 | I39: 140 | J39: =SUM(E39:I39) -> 826 | K39: =J39*Q39 -> 106554 | L39: =$L$7 -> 3981 | M39: =$M$7 -> 4163 | N39: =$N$7 -> 4422 | O39: =$O$7 -> 4755 | P39: =$P$7 -> 5064 | Q39: =$Q$4 -> 129 | R39: =E39*L39*Q39 -> 26704548 | S39: =F39*M39*Q39 -> 136404858 | T39: =G39*N39*Q39 -> 81572634 | U39: =H39*O39*Q39 -> 145374615 | V39: =I39*P39*Q39 -> 91455840 | W39: =SUM(R39:V39) -> 481512495
A40: NORTE | B40: GUACHENE | C40: CON.COM-NORTE | D40: CAJM-T PS, CAJM-T, CCT | E40: 168 | F40: 749 | G40: 450 | H40: 333 | I40: 171 | J40: =SUM(E40:I40) -> 1871 | K40: =J40*Q40 -> 241359 | L40: ='1,1 SUMINISTRAR COM. PRE UNI. '!E68 -> 3304 | M40: ='1,1 SUMINISTRAR COM. PRE UNI. '!F68 -> 3486 | N40: ='1,1 SUMINISTRAR COM. PRE UNI. '!G68 -> 3745 | O40: ='1,1 SUMINISTRAR COM. PRE UNI. '!H68 -> 4078 | P40: ='1,1 SUMINISTRAR COM. PRE UNI. '!I68 -> 4387 | Q40: =$Q$4 -> 129 | R40: =E40*L40*Q40 -> 71604288 | S40: =F40*M40*Q40 -> 336820806 | T40: =G40*N40*Q40 -> 217397250 | U40: =H40*O40*Q40 -> 175178646 | V40: =I40*P40*Q40 -> 96772833 | W40: =SUM(R40:V40) -> 897773823
A41: COSTA | B41: GUAPI | C41: MAYORITARIA | D41: CAJM-T PS, CAJM-T RI, CCT | E41: 108 | F41: 893 | G41: 579 | H41: 444 | I41: 156 | J41: =SUM(E41:I41) -> 2180 | K41: =J41*Q41 -> 281220 | L41: ='1,1 SUMINISTRAR COM. PRE UNI. '!E24 -> 4097 | M41: ='1,1 SUMINISTRAR COM. PRE UNI. '!F24 -> 4482 | N41: ='1,1 SUMINISTRAR COM. PRE UNI. '!G24 -> 4735 | O41: ='1,1 SUMINISTRAR COM. PRE UNI. '!H24 -> 5187 | P41: ='1,1 SUMINISTRAR COM. PRE UNI. '!I24 -> 5482 | Q41: =$Q$4 -> 129 | R41: =E41*L41*Q41 -> 57079404 | S41: =F41*M41*Q41 -> 516312954 | T41: =G41*N41*Q41 -> 353661885 | U41: =H41*O41*Q41 -> 297090612 | V41: =I41*P41*Q41 -> 110319768 | W41: =SUM(R41:V41) -> 1334464623
A42: COSTA | B42: GUAPI | C42: MAYORITARIA | D42: RI | E42: 10 | F42: 0 | G42: 0 | H42: 0 | I42: 0 | J42: =SUM(E42:I42) -> 10 | K42: =J42*Q42 -> 1290 | L42: =$L$41 -> 4097 | M42: =$M$41 -> 4482 | N42: =$N$41 -> 4735 | O42: =$O$41 -> 5187 | P42: =$P$41 -> 5482 | Q42: =$Q$4 -> 129 | R42: =E42*L42*Q42 -> 5285130 | S42: =F42*M42*Q42 -> 0 | T42: =G42*N42*Q42 -> 0 | U42: =H42*O42*Q42 -> 0 | V42: =I42*P42*Q42 -> 0 | W42: =SUM(R42:V42) -> 5285130
A43: COSTA | B43: GUAPI | C43: MAYORITARIA | D43: CAA | E43: 191 | F43: 290 | G43: 247 | H43: 1227 | I43: 514 | J43: =SUM(E43:I43) -> 2469 | K43: =J43*Q43 -> 318501 | L43: ='1,1 SUMINISTRAR COM. PRE UNI. '!O24 -> 4691 | M43: ='1,1 SUMINISTRAR COM. PRE UNI. '!P24 -> 5175 | N43: ='1,1 SUMINISTRAR COM. PRE UNI. '!Q24 -> 5556 | O43: ='1,1 SUMINISTRAR COM. PRE UNI. '!R24 -> 6176 | P43: ='1,1 SUMINISTRAR COM. PRE UNI. '!S24 -> 6681 | Q43: =$Q$4 -> 129 | R43: =E43*L43*Q43 -> 115581549 | S43: =F43*M43*Q43 -> 193596750 | T43: =G43*N43*Q43 -> 177030828 | U43: =H43*O43*Q43 -> 977555808 | V43: =I43*P43*Q43 -> 442990386 | W43: =SUM(R43:V43) -> 1906755321
A44: ORIENTE | B44: INZA | C44: IND.-JUAN TAMA-CRIC | D44: CAJM-TPS. | E44: 578 | F44: 1584 | G44: 1239 | H44: 2129 | I44: 795 | J44: =SUM(E44:I44) -> 6325 | K44: =J44*Q44 -> 815925 | L44: ='1,1 SUMINISTRAR COM. PRE UNI. '!E142 -> 5411 | M44: =$L$44 -> 5411 | N44: =$L$44 -> 5411 | O44: =$L$44 -> 5411 | P44: =$L$44 -> 5411 | Q44: =$Q$4 -> 129 | R44: =E44*L44*Q44 -> 403454982 | S44: =F44*M44*Q44 -> 1105662096 | T44: =G44*N44*Q44 -> 864845541 | U44: =H44*O44*Q44 -> 1486082451 | V44: =I44*P44*Q44 -> 554925105 | W44: =SUM(R44:V44) -> 4414970175
A45: ORIENTE | B45: INZA | C45: IND.-JUAN TAMA-CRIC | D45: CAA | E45: 0 | F45: 0 | G45: 0 | H45: 0 | I45: 89 | J45: =SUM(E45:I45) -> 89 | K45: =J45*Q45 -> 11481 | L45: ='1,1 SUMINISTRAR COM. PRE UNI. '!J142 -> 5872 | M45: =$L$45 -> 5872 | N45: =$L$45 -> 5872 | O45: =$L$45 -> 5872 | P45: =$L$45 -> 5872 | Q45: =$Q$4 -> 129 | R45: =E45*L45*Q45 -> 0 | S45: =F45*M45*Q45 -> 0 | T45: =G45*N45*Q45 -> 0 | U45: =H45*O45*Q45 -> 0 | V45: =I45*P45*Q45 -> 67416432 | W45: =SUM(R45:V45) -> 67416432
A46: ORIENTE | B46: JAMBALO | C46: IND.-JAMBALO-CRIC | D46: CAJM-TPS. | E46: 252 | F46: 874 | G46: 639 | H46: 1139 | I46: 476 | J46: =SUM(E46:I46) -> 3380 | K46: =J46*Q46 -> 436020 | L46: ='1,1 SUMINISTRAR COM. PRE UNI. '!U105 -> 5411 | M46: =$L$46 -> 5411 | N46: =$L$46 -> 5411 | O46: =$L$46 -> 5411 | P46: =$L$46 -> 5411 | Q46: =$Q$4 -> 129 | R46: =E46*L46*Q46 -> 175900788 | S46: =F46*M46*Q46 -> 610068606 | T46: =G46*N46*Q46 -> 446034141 | U46: =H46*O46*Q46 -> 795043641 | V46: =I46*P46*Q46 -> 332257044 | W46: =SUM(R46:V46) -> 2359304220
A47: MACIZO | B47: LA SIERRA | C47: MAYORITARIA | D47: CAJM-T PS, CAJM-T RI, CCT | E47: 62 | F47: 272 | G47: 208 | H47: 455 | I47: 116 | J47: =SUM(E47:I47) -> 1113 | K47: =J47*Q47 -> 143577 | L47: =$L$4 -> 4145 | M47: =$M$4 -> 4327 | N47: =$N$4 -> 4586 | O47: =$O$4 -> 4919 | P47: =$P$4 -> 5228 | Q47: =$Q$4 -> 129 | R47: =E47*L47*Q47 -> 33151710 | S47: =F47*M47*Q47 -> 151825776 | T47: =G47*N47*Q47 -> 123051552 | U47: =H47*O47*Q47 -> 288720705 | V47: =I47*P47*Q47 -> 78231792 | W47: =SUM(R47:V47) -> 674981535
A48: MACIZO | B48: LA SIERRA | C48: MAYORITARIA | D48: CAA | E48: 0 | F48: 19 | G48: 11 | H48: 51 | I48: 111 | J48: =SUM(E48:I48) -> 192 | K48: =J48*Q48 -> 24768 | L48: =$L$5 -> 4619 | M48: =$M$5 -> 5003 | N48: =$N$5 -> 5349 | O48: =$O$5 -> 5930 | P48: =$P$5 -> 6415 | Q48: =$Q$4 -> 129 | R48: =E48*L48*Q48 -> 0 | S48: =F48*M48*Q48 -> 12262353 | T48: =G48*N48*Q48 -> 7590231 | U48: =H48*O48*Q48 -> 39013470 | V48: =I48*P48*Q48 -> 91856385 | W48: =SUM(R48:V48) -> 150722439
A49: MACIZO | B49: LA SIERRA | C49: IND.-PMY-CRIC | D49: CAJM-TPS. | E49: 21 | F49: 69 | G49: 55 | H49: 38 | I49: 18 | J49: =SUM(E49:I49) -> 201 | K49: =J49*Q49 -> 25929 | L49: ='1,1 SUMINISTRAR COM. PRE UNI. '!U80 -> 5411 | M49: =$L$49 -> 5411 | N49: =$L$49 -> 5411 | O49: =$L$49 -> 5411 | P49: =$L$49 -> 5411 | Q49: =$Q$4 -> 129 | R49: =E49*L49*Q49 -> 14658399 | S49: =F49*M49*Q49 -> 48163311 | T49: =G49*N49*Q49 -> 38391045 | U49: =H49*O49*Q49 -> 26524722 | V49: =I49*P49*Q49 -> 12564342 | W49: =SUM(R49:V49) -> 140301819
A50: MACIZO | B50: LA VEGA | C50: MAYORITARIA | D50: CAJM-T PS, CAJM-T, CCT | E50: 181 | F50: 439 | G50: 314 | H50: 587 | I50: 106 | J50: =SUM(E50:I50) -> 1627 | K50: =J50*Q50 -> 209883 | L50: =$L$4 -> 4145 | M50: =$M$4 -> 4327 | N50: =$N$4 -> 4586 | O50: =$O$4 -> 4919 | P50: =$P$4 -> 5228 | Q50: =$Q$4 -> 129 | R50: =E50*L50*Q50 -> 96781605 | S50: =F50*M50*Q50 -> 245042337 | T50: =G50*N50*Q50 -> 185760516 | U50: =H50*O50*Q50 -> 372481437 | V50: =I50*P50*Q50 -> 71487672 | W50: =SUM(R50:V50) -> 971553567
A51: MACIZO | B51: LA VEGA | C51: MAYORITARIA | D51: RI | E51: 1 | F51: 0 | G51: 0 | H51: 0 | I51: 0 | J51: =SUM(E51:I51) -> 1 | K51: =J51*Q51 -> 129 | L51: =$L$4 -> 4145 | M51: =$M$4 -> 4327 | N51: =$N$4 -> 4586 | O51: =$O$4 -> 4919 | P51: =$P$4 -> 5228 | Q51: =$Q$4 -> 129 | R51: =E51*L51*Q51 -> 534705 | S51: =F51*M51*Q51 -> 0 | T51: =G51*N51*Q51 -> 0 | U51: =H51*O51*Q51 -> 0 | V51: =I51*P51*Q51 -> 0 | W51: =SUM(R51:V51) -> 534705
A52: MACIZO | B52: LA VEGA | C52: MAYORITARIA | D52: CAA | E52: 0 | F52: 0 | G52: 0 | H52: 0 | I52: 159 | J52: =SUM(E52:I52) -> 159 | K52: =J52*Q52 -> 20511 | L52: =$L$5 -> 4619 | M52: =$M$5 -> 5003 | N52: =$N$5 -> 5349 | O52: =$O$5 -> 5930 | P52: =$P$5 -> 6415 | Q52: =$Q$4 -> 129 | R52: =E52*L52*Q52 -> 0 | S52: =F52*M52*Q52 -> 0 | T52: =G52*N52*Q52 -> 0 | U52: =H52*O52*Q52 -> 0 | V52: =I52*P52*Q52 -> 131578065 | W52: =SUM(R52:V52) -> 131578065
A53: MACIZO | B53: LA VEGA | C53: IND.-PMY-CRIC | D53: CAJM-TPS. | E53: 14 | F53: 48 | G53: 29 | H53: 46 | I53: 0 | J53: =SUM(E53:I53) -> 137 | K53: =J53*Q53 -> 17673 | L53: =$L$49 -> 5411 | M53: =$L$49 -> 5411 | N53: =$L$49 -> 5411 | O53: =$L$49 -> 5411 | P53: =$L$49 -> 5411 | Q53: =$Q$4 -> 129 | R53: =E53*L53*Q53 -> 9772266 | S53: =F53*M53*Q53 -> 33504912 | T53: =G53*N53*Q53 -> 20242551 | U53: =H53*O53*Q53 -> 32108874 | V53: =I53*P53*Q53 -> 0 | W53: =SUM(R53:V53) -> 95628603
A54: MACIZO | B54: LA VEGA | C54: IND.-PMY-CRIC | D54: CAA | E54: 9 | F54: 51 | G54: 23 | H54: 42 | I54: 10 | J54: =SUM(E54:I54) -> 135 | K54: =J54*Q54 -> 17415 | L54: ='1,1 SUMINISTRAR COM. PRE UNI. '!Z80 -> 7522 | M54: =$L$54 -> 7522 | N54: =$L$54 -> 7522 | O54: =$L$54 -> 7522 | P54: =$L$54 -> 7522 | Q54: =$Q$4 -> 129 | R54: =E54*L54*Q54 -> 8733042 | S54: =F54*M54*Q54 -> 49487238 | T54: =G54*N54*Q54 -> 22317774 | U54: =H54*O54*Q54 -> 40754196 | V54: =I54*P54*Q54 -> 9703380 | W54: =SUM(R54:V54) -> 130995630
A55: MACIZO | B55: LA VEGA | C55: IND.-GUACHICONO-CRIC | D55: CAA | E55: 14 | F55: 112 | G55: 63 | H55: 78 | I55: 30 | J55: =SUM(E55:I55) -> 297 | K55: =J55*Q55 -> 38313 | L55: ='1,1 SUMINISTRAR COM. PRE UNI. '!J80 -> 7143 | M55: =L$55 -> 7143 | N55: =M$55 -> 7143 | O55: =N$55 -> 7143 | P55: =O$55 -> 7143 | Q55: =$Q$4 -> 129 | R55: =E55*L55*Q55 -> 12900258 | S55: =F55*M55*Q55 -> 103202064 | T55: =G55*N55*Q55 -> 58051161 | U55: =H55*O55*Q55 -> 71872866 | V55: =I55*P55*Q55 -> 27643410 | W55: =SUM(R55:V55) -> 273669759
A56: COSTA | B56: LÓPEZ | C56: MAYORITARIA | D56: CAJM-T PS, CAJM-T RI, CCT | E56: 247 | F56: 816 | G56: 558 | H56: 396 | I56: 144 | J56: =SUM(E56:I56) -> 2161 | K56: =J56*Q56 -> 278769 | L56: =$L$41 -> 4097 | M56: =$M$41 -> 4482 | N56: =$N$41 -> 4735 | O56: =$O$41 -> 5187 | P56: =$P$41 -> 5482 | Q56: =$Q$4 -> 129 | R56: =E56*L56*Q56 -> 130542711 | S56: =F56*M56*Q56 -> 471793248 | T56: =G56*N56*Q56 -> 340834770 | U56: =H56*O56*Q56 -> 264972708 | V56: =I56*P56*Q56 -> 101833632 | W56: =SUM(R56:V56) -> 1309977069
A57: COSTA | B57: LÓPEZ | C57: MAYORITARIA | D57: RI | E57: 11 | F57: 0 | G57: 0 | H57: 0 | I57: 0 | J57: =SUM(E57:I57) -> 11 | K57: =J57*Q57 -> 1419 | L57: =$L$41 -> 4097 | M57: =$M$41 -> 4482 | N57: =$N$41 -> 4735 | O57: =$O$41 -> 5187 | P57: =$P$41 -> 5482 | Q57: =$Q$4 -> 129 | R57: =E57*L57*Q57 -> 5813643 | S57: =F57*M57*Q57 -> 0 | T57: =G57*N57*Q57 -> 0 | U57: =H57*O57*Q57 -> 0 | V57: =I57*P57*Q57 -> 0 | W57: =SUM(R57:V57) -> 5813643
A58: COSTA | B58: LÓPEZ | C58: IND.-AZBESCAC-CRIC | D58: CAJM-TPS. | E58: 62 | F58: 197 | G58: 130 | H58: 213 | I58: 79 | J58: =SUM(E58:I58) -> 681 | K58: =J58*Q58 -> 87849 | L58: ='1,1 SUMINISTRAR COM. PRE UNI. '!J155 -> 5743 | M58: =$L$58 -> 5743 | N58: =$L$58 -> 5743 | O58: =$L$58 -> 5743 | P58: =$L$58 -> 5743 | Q58: =$Q$4 -> 129 | R58: =E58*L58*Q58 -> 45932514 | S58: =F58*M58*Q58 -> 145946859 | T58: =G58*N58*Q58 -> 96310110 | U58: =H58*O58*Q58 -> 157800411 | V58: =I58*P58*Q58 -> 58526913 | W58: =SUM(R58:V58) -> 504516807
A59: SUR | B59: MERCADERES | C59: MAYORITARIA | D59: CAJM-T PS, CAJM-T RI, CCT | E59: 204 | F59: 584 | G59: 361 | H59: 665 | I59: 136 | J59: =SUM(E59:I59) -> 1950 | K59: =J59*Q59 -> 251550 | L59: =$L$7 -> 3981 | M59: =$M$7 -> 4163 | N59: =$N$7 -> 4422 | O59: =$O$7 -> 4755 | P59: =$P$7 -> 5064 | Q59: =$Q$4 -> 129 | R59: =E59*L59*Q59 -> 104763996 | S59: =F59*M59*Q59 -> 313623768 | T59: =G59*N59*Q59 -> 205928118 | U59: =H59*O59*Q59 -> 407907675 | V59: =I59*P59*Q59 -> 88842816 | W59: =SUM(R59:V59) -> 1121066373
A60: SUR | B60: MERCADERES | C60: MAYORITARIA | D60: CAA | E60: 0 | F60: 0 | G60: 0 | H60: 0 | I60: 20 | J60: =SUM(E60:I60) -> 20 | K60: =J60*Q60 -> 2580 | L60: =$L$8 -> 4588 | M60: =$M$8 -> 4972 | N60: =$N$8 -> 5318 | O60: =$O$8 -> 5899 | P60: =$P$8 -> 6384 | Q60: =$Q$4 -> 129 | R60: =E60*L60*Q60 -> 0 | S60: =F60*M60*Q60 -> 0 | T60: =G60*N60*Q60 -> 0 | U60: =H60*O60*Q60 -> 0 | V60: =I60*P60*Q60 -> 16470720 | W60: =SUM(R60:V60) -> 16470720
A61: NORTE | B61: MIRANDA | C61: MAYORITARIA | D61: CAJM-T PS, CAJM-T RI, CCT | E61: 87 | F61: 850 | G61: 591 | H61: 942 | I61: 0 | J61: =SUM(E61:I61) -> 2470 | K61: =J61*Q61 -> 318630 | L61: =$L$16 -> 3265 | M61: =$M$16 -> 3447 | N61: =$N$16 -> 3706 | O61: =$O$16 -> 4039 | P61: =$P$16 -> 4348 | Q61: =$Q$4 -> 129 | R61: =E61*L61*Q61 -> 36643095 | S61: =F61*M61*Q61 -> 377963550 | T61: =G61*N61*Q61 -> 282541734 | U61: =H61*O61*Q61 -> 490811202 | V61: =I61*P61*Q61 -> 0 | W61: =SUM(R61:V61) -> 1187959581
A62: NORTE | B62: MIRANDA | C62: MAYORITARIA | D62: CAA | E62: 0 | F62: 0 | G62: 0 | H62: 0 | I62: 98 | J62: =SUM(E62:I62) -> 98 | K62: =J62*Q62 -> 12642 | L62: =$L$17 -> 4304 | M62: =$M$17 -> 4688 | N62: =$N$17 -> 5034 | O62: =$O$17 -> 5615 | P62: =$P$17 -> 6035 | Q62: =$Q$4 -> 129 | R62: =E62*L62*Q62 -> 0 | S62: =F62*M62*Q62 -> 0 | T62: =G62*N62*Q62 -> 0 | U62: =H62*O62*Q62 -> 0 | V62: =I62*P62*Q62 -> 76294470 | W62: =SUM(R62:V62) -> 76294470
A63: NORTE | B63: MIRANDA | C63: CON.COM-NORTE | D63: CAJM-T PS, CAJM-T, CCT | E63: 62 | F63: 256 | G63: 148 | H63: 396 | I63: 20 | J63: =SUM(E63:I63) -> 882 | K63: =J63*Q63 -> 113778 | L63: =$L$40 -> 3304 | M63: =$M$40 -> 3486 | N63: =$N$40 -> 3745 | O63: =$O$40 -> 4078 | P63: =$P$40 -> 4387 | Q63: =$Q$4 -> 129 | R63: =E63*L63*Q63 -> 26425392 | S63: =F63*M63*Q63 -> 115121664 | T63: =G63*N63*Q63 -> 71499540 | U63: =H63*O63*Q63 -> 208320552 | V63: =I63*P63*Q63 -> 11318460 | W63: =SUM(R63:V63) -> 432685608
A64: NORTE | B64: MIRANDA | C64: CON.COM-NORTE | D64: CAA | E64: 0 | F64: 0 | G64: 0 | H64: 0 | I64: 148 | J64: =SUM(E64:I64) -> 148 | K64: =J64*Q64 -> 19092 | L64: ='1,1 SUMINISTRAR COM. PRE UNI. '!O68 -> 4219 | M64: ='1,1 SUMINISTRAR COM. PRE UNI. '!P68 -> 4603 | N64: ='1,1 SUMINISTRAR COM. PRE UNI. '!Q68 -> 4949 | O64: ='1,1 SUMINISTRAR COM. PRE UNI. '!R68 -> 5530 | P64: ='1,1 SUMINISTRAR COM. PRE UNI. '!S68 -> 6015 | Q64: =$Q$4 -> 129 | R64: =E64*L64*Q64 -> 0 | S64: =F64*M64*Q64 -> 0 | T64: =G64*N64*Q64 -> 0 | U64: =H64*O64*Q64 -> 0 | V64: =I64*P64*Q64 -> 114838380 | W64: =SUM(R64:V64) -> 114838380
A65: NORTE | B65: MIRANDA | C65: IND.-CILIA-CRIC | D65: CAJM-TPS. | E65: 37 | F65: 151 | G65: 79 | H65: 174 | I65: 49 | J65: =SUM(E65:I65) -> 490 | K65: =J65*Q65 -> 63210 | L65: ='1,1 SUMINISTRAR COM. PRE UNI. '!O93 -> 5411 | M65: =$L$65 -> 5411 | N65: =$L$65 -> 5411 | O65: =$L$65 -> 5411 | P65: =$L$65 -> 5411 | Q65: =$Q$4 -> 129 | R65: =E65*L65*Q65 -> 25826703 | S65: =F65*M65*Q65 -> 105400869 | T65: =G65*N65*Q65 -> 55143501 | U65: =H65*O65*Q65 -> 121455306 | V65: =I65*P65*Q65 -> 34202931 | W65: =SUM(R65:V65) -> 342029310
A66: NORTE | B66: MIRANDA | C66: IND.-CILIA-CRIC | D66: CAA | E66: 0 | F66: 0 | G66: 0 | H66: 0 | I66: 66 | J66: =SUM(E66:I66) -> 66 | K66: =J66*Q66 -> 8514 | L66: ='1,1 SUMINISTRAR COM. PRE UNI. '!U93 -> 5842 | M66: =$L$66 -> 5842 | N66: =$L$66 -> 5842 | O66: =$L$66 -> 5842 | P66: =$L$66 -> 5842 | Q66: =$Q$4 -> 129 | R66: =E66*L66*Q66 -> 0 | S66: =F66*M66*Q66 -> 0 | T66: =G66*N66*Q66 -> 0 | U66: =H66*O66*Q66 -> 0 | V66: =I66*P66*Q66 -> 49738788 | W66: =SUM(R66:V66) -> 49738788
A67: CENTRO | B67: MORALES | C67: MAYORITARIA | D67: CAJM-T PS, CAJM-T, CCT | E67: 267 | F67: 940 | G67: 704 | H67: 1064 | I67: 81 | J67: =SUM(E67:I67) -> 3056 | K67: =J67*Q67 -> 394224 | L67: =$L$21 -> 3602 | M67: =$M$21 -> 3784 | N67: =$N$21 -> 4043 | O67: =$O$21 -> 4376 | P67: =$P$21 -> 4685 | Q67: =$Q$4 -> 129 | R67: =E67*L67*Q67 -> 124063686 | S67: =F67*M67*Q67 -> 458847840 | T67: =G67*N67*Q67 -> 367169088 | U67: =H67*O67*Q67 -> 600632256 | V67: =I67*P67*Q67 -> 48953565 | W67: =SUM(R67:V67) -> 1599666435
A68: CENTRO | B68: MORALES | C68: MAYORITARIA | D68: RI | E68: 9 | F68: 0 | G68: 0 | H68: 0 | I68: 0 | J68: =SUM(E68:I68) -> 9 | K68: =J68*Q68 -> 1161 | L68: =$L$21 -> 3602 | M68: =$M$21 -> 3784 | N68: =$N$21 -> 4043 | O68: =$O$21 -> 4376 | P68: =$P$21 -> 4685 | Q68: =$Q$4 -> 129 | R68: =E68*L68*Q68 -> 4181922 | S68: =F68*M68*Q68 -> 0 | T68: =G68*N68*Q68 -> 0 | U68: =H68*O68*Q68 -> 0 | V68: =I68*P68*Q68 -> 0 | W68: =SUM(R68:V68) -> 4181922
A69: CENTRO | B69: MORALES | C69: MAYORITARIA | D69: CAA | E69: 0 | F69: 0 | G69: 0 | H69: 0 | I69: 113 | J69: =SUM(E69:I69) -> 113 | K69: =J69*Q69 -> 14577 | L69: =$L$22 -> 4717 | M69: =$M$22 -> 5101 | N69: =$N$22 -> 5447 | O69: =$O$22 -> 6028 | P69: =$P$22 -> 6513 | Q69: =$Q$4 -> 129 | R69: =E69*L69*Q69 -> 0 | S69: =F69*M69*Q69 -> 0 | T69: =G69*N69*Q69 -> 0 | U69: =H69*O69*Q69 -> 0 | V69: =I69*P69*Q69 -> 94940001 | W69: =SUM(R69:V69) -> 94940001
A70: CENTRO | B70: MORALES | C70: IND.-CHIMBRAZO-CRIC | D70: CAJM-TPS. | E70: 65 | F70: 268 | G70: 187 | H70: 302 | I70: 97 | J70: =SUM(E70:I70) -> 919 | K70: =J70*Q70 -> 118551 | L70: ='1,1 SUMINISTRAR COM. PRE UNI. '!J93 -> 5411 | M70: =$L$70 -> 5411 | N70: =$L$70 -> 5411 | O70: =$L$70 -> 5411 | P70: =$L$70 -> 5411 | Q70: =$Q$4 -> 129 | R70: =E70*L70*Q70 -> 45371235 | S70: =F70*M70*Q70 -> 187069092 | T70: =G70*N70*Q70 -> 130529553 | U70: =H70*O70*Q70 -> 210801738 | V70: =I70*P70*Q70 -> 67707843 | W70: =SUM(R70:V70) -> 641479461
A71: CENTRO | B71: MORALES | C71: IND.-GUAMBIA | D71: CAJM-TPS. | E71: 90 | F71: 298 | G71: 237 | H71: 424 | I71: 119 | J71: =SUM(E71:I71) -> 1168 | K71: =J71*Q71 -> 150672 | L71: 5385 | M71: 5385 | N71: 5385 | O71: 5385 | P71: 5385 | Q71: =$Q$4 -> 129 | R71: =E71*L71*Q71 -> 62519850 | S71: =F71*M71*Q71 -> 207010170 | T71: =G71*N71*Q71 -> 164635605 | U71: =H71*O71*Q71 -> 294537960 | V71: =I71*P71*Q71 -> 82665135 | W71: =SUM(R71:V71) -> 811368720
A72: CENTRO | B72: MORALES | C72: IND.-HONDURAS-CRIC | D72: CAJM-TPS. | E72: 149 | F72: 463 | G72: 309 | H72: 409 | I72: 151 | J72: =SUM(E72:I72) -> 1481 | K72: =J72*Q72 -> 191049 | L72: ='1,1 SUMINISTRAR COM. PRE UNI. '!Z129 -> 5411 | M72: =$L$72 -> 5411 | N72: =$L$72 -> 5411 | O72: =$L$72 -> 5411 | P72: =$L$72 -> 5411 | Q72: =$Q$4 -> 129 | R72: =E72*L72*Q72 -> 104004831 | S72: =F72*M72*Q72 -> 323182797 | T72: =G72*N72*Q72 -> 215687871 | U72: =H72*O72*Q72 -> 285489771 | V72: =I72*P72*Q72 -> 105400869 | W72: =SUM(R72:V72) -> 1033766139
A73: CENTRO | B73: MORALES | C73: IND.-UT-CRIC | D73: CAJM-TPS. | E73: 26 | F73: 160 | G73: 104 | H73: 115 | I73: 45 | J73: =SUM(E73:I73) -> 450 | K73: =J73*Q73 -> 58050 | L73: =$L$38 -> 5411 | M73: =$L$38 -> 5411 | N73: =$L$38 -> 5411 | O73: =$L$38 -> 5411 | P73: =$L$38 -> 5411 | Q73: =$Q$4 -> 129 | R73: =E73*L73*Q73 -> 18148494 | S73: =F73*M73*Q73 -> 111683040 | T73: =G73*N73*Q73 -> 72593976 | U73: =H73*O73*Q73 -> 80272185 | V73: =I73*P73*Q73 -> 31410855 | W73: =SUM(R73:V73) -> 314108550
A74: NORTE | B74: PADILLA | C74: CON.COM-NORTE | D74: CAJM-T PS, CAJM-T, CCT | E74: 50 | F74: 410 | G74: 236 | H74: 435 | I74: 37 | J74: =SUM(E74:I74) -> 1168 | K74: =J74*Q74 -> 150672 | L74: =$L$40 -> 3304 | M74: =$M$40 -> 3486 | N74: =$N$40 -> 3745 | O74: =$O$40 -> 4078 | P74: =$P$40 -> 4387 | Q74: =$Q$4 -> 129 | R74: =E74*L74*Q74 -> 21310800 | S74: =F74*M74*Q74 -> 184374540 | T74: =G74*N74*Q74 -> 114012780 | U74: =H74*O74*Q74 -> 228836970 | V74: =I74*P74*Q74 -> 20939151 | W74: =SUM(R74:V74) -> 569474241
A75: NORTE | B75: PADILLA | C75: CON.COM-NORTE | D75: CAA | E75: 0 | F75: 0 | G75: 0 | H75: 0 | I75: 173 | J75: =SUM(E75:I75) -> 173 | K75: =J75*Q75 -> 22317 | L75: =$L$64 -> 4219 | M75: =$M$64 -> 4603 | N75: =$N$64 -> 4949 | O75: =$O$64 -> 5530 | P75: =$P$64 -> 6015 | Q75: =$Q$4 -> 129 | R75: =E75*L75*Q75 -> 0 | S75: =F75*M75*Q75 -> 0 | T75: =G75*N75*Q75 -> 0 | U75: =H75*O75*Q75 -> 0 | V75: =I75*P75*Q75 -> 134236755 | W75: =SUM(R75:V75) -> 134236755
A76: ORIENTE | B76: PAEZ | C76: IND.-NASA CXHACXHA-CRIC | D76: CAJM-TPS. | E76: 423 | F76: 1949 | G76: 1374 | H76: 2095 | I76: 669 | J76: =SUM(E76:I76) -> 6510 | K76: =J76*Q76 -> 839790 | L76: ='1,1 SUMINISTRAR COM. PRE UNI. '!AE93 -> 5411 | M76: =$L$76 -> 5411 | N76: =$L$76 -> 5411 | O76: =$L$76 -> 5411 | P76: =$L$76 -> 5411 | Q76: =$Q$4 -> 129 | R76: =E76*L76*Q76 -> 295262037 | S76: =F76*M76*Q76 -> 1360439031 | T76: =G76*N76*Q76 -> 959078106 | U76: =H76*O76*Q76 -> 1462349805 | V76: =I76*P76*Q76 -> 466974711 | W76: =SUM(R76:V76) -> 4544103690
A77: ORIENTE | B77: PAEZ | C77: IND.-UT-CRIC | D77: CAJM-TPS. | E77: 139 | F77: 688 | G77: 500 | H77: 436 | I77: 291 | J77: =SUM(E77:I77) -> 2054 | K77: =J77*Q77 -> 264966 | L77: =$L$38 -> 5411 | M77: =$L$38 -> 5411 | N77: =$L$38 -> 5411 | O77: =$L$38 -> 5411 | P77: =$L$38 -> 5411 | Q77: =$Q$4 -> 129 | R77: =E77*L77*Q77 -> 97024641 | S77: =F77*M77*Q77 -> 480237072 | T77: =G77*N77*Q77 -> 349009500 | U77: =H77*O77*Q77 -> 304336284 | V77: =I77*P77*Q77 -> 203123529 | W77: =SUM(R77:V77) -> 1433731026
A78: ORIENTE | B78: PAEZ | C78: IND.-UT-CRIC | D78: CAA | E78: 10 | F78: 188 | G78: 161 | H78: 367 | I78: 0 | J78: =SUM(E78:I78) -> 726 | K78: =J78*Q78 -> 93654 | L78: ='1,1 SUMINISTRAR COM. PRE UNI. '!U129 -> 5842 | M78: =$L$78 -> 5842 | N78: =$L$78 -> 5842 | O78: =$L$78 -> 5842 | P78: =$L$78 -> 5842 | Q78: =$Q$4 -> 129 | R78: =E78*L78*Q78 -> 7536180 | S78: =F78*M78*Q78 -> 141680184 | T78: =G78*N78*Q78 -> 121332498 | U78: =H78*O78*Q78 -> 276577806 | V78: =I78*P78*Q78 -> 0 | W78: =SUM(R78:V78) -> 547126668
A79: SUR | B79: PATIA | C79: MAYORITARIA | D79: CAJM-T PS, CAJM-T RI, CCT | E79: 289 | F79: 1055 | G79: 821 | H79: 1097 | I79: 354 | J79: =SUM(E79:I79) -> 3616 | K79: =J79*Q79 -> 466464 | L79: =$L$7 -> 3981 | M79: =$M$7 -> 4163 | N79: =$N$7 -> 4422 | O79: =$O$7 -> 4755 | P79: =$P$7 -> 5064 | Q79: =$Q$4 -> 129 | R79: =E79*L79*Q79 -> 148415661 | S79: =F79*M79*Q79 -> 566563485 | T79: =G79*N79*Q79 -> 468329598 | U79: =H79*O79*Q79 -> 672894315 | V79: =I79*P79*Q79 -> 231252624 | W79: =SUM(R79:V79) -> 2087455683
A80: SUR | B80: PATIA | C80: MAYORITARIA | D80: CAA | E80: 114 | F80: 387 | G80: 282 | H80: 547 | I80: 293 | J80: =SUM(E80:I80) -> 1623 | K80: =J80*Q80 -> 209367 | L80: =$L$8 -> 4588 | M80: =$M$8 -> 4972 | N80: =$N$8 -> 5318 | O80: =$O$8 -> 5899 | P80: =$P$8 -> 6384 | Q80: =$Q$4 -> 129 | R80: =E80*L80*Q80 -> 67471128 | S80: =F80*M80*Q80 -> 248217156 | T80: =G80*N80*Q80 -> 193458204 | U80: =H80*O80*Q80 -> 416251137 | V80: =I80*P80*Q80 -> 241296048 | W80: =SUM(R80:V80) -> 1166693673
A81: MACIZO | B81: PIAMONTE | C81: MAYORITARIA | D81: CAJM-T PS, CAJM-T RI, CCT | E81: 107 | F81: 471 | G81: 317 | H81: 484 | I81: 136 | J81: =SUM(E81:I81) -> 1515 | K81: =J81*Q81 -> 195435 | L81: =$L$4 -> 4145 | M81: =$M$4 -> 4327 | N81: =$N$4 -> 4586 | O81: =$O$4 -> 4919 | P81: =$P$4 -> 5228 | Q81: =$Q$4 -> 129 | R81: =E81*L81*Q81 -> 57213435 | S81: =F81*M81*Q81 -> 262904193 | T81: =G81*N81*Q81 -> 187535298 | U81: =H81*O81*Q81 -> 307122684 | V81: =I81*P81*Q81 -> 91720032 | W81: =SUM(R81:V81) -> 906495642
A82: MACIZO | B82: PIAMONTE | C82: MAYORITARIA | D82: CAA | E82: 0 | F82: 6 | G82: 3 | H82: 0 | I82: 0 | J82: =SUM(E82:I82) -> 9 | K82: =J82*Q82 -> 1161 | L82: =$L$5 -> 4619 | M82: =$M$5 -> 5003 | N82: =$N$5 -> 5349 | O82: =$O$5 -> 5930 | P82: =$P$5 -> 6415 | Q82: =$Q$4 -> 129 | R82: =E82*L82*Q82 -> 0 | S82: =F82*M82*Q82 -> 3872322 | T82: =G82*N82*Q82 -> 2070063 | U82: =H82*O82*Q82 -> 0 | V82: =I82*P82*Q82 -> 0 | W82: =SUM(R82:V82) -> 5942385
A83: MACIZO | B83: PIAMONTE | C83: IND.-UT SANTA MARTHA CRIC | D83: CAJM-TPS. | E83: 17 | F83: 67 | G83: 52 | H83: 0 | I83: 0 | J83: =SUM(E83:I83) -> 136 | K83: =J83*Q83 -> 17544 | L83: ='1,1 SUMINISTRAR COM. PRE UNI. '!AE80 -> 5499 | M83: =$L$83 -> 5499 | N83: =$L$83 -> 5499 | O83: =$L$83 -> 5499 | P83: =$L$83 -> 5499 | Q83: =$Q$4 -> 129 | R83: =E83*L83*Q83 -> 12059307 | S83: =F83*M83*Q83 -> 47527857 | T83: =G83*N83*Q83 -> 36887292 | U83: =H83*O83*Q83 -> 0 | V83: =I83*P83*Q83 -> 0 | W83: =SUM(R83:V83) -> 96474456
A84: CENTRO | B84: PIENDAMO | C84: MAYORITARIA | D84: CAJM-T PS, CAJM-T RI, CCT | E84: =397-14 -> 383 | F84: 1385 | G84: 1086 | H84: 1202 | I84: 333 | J84: =SUM(E84:I84) -> 4389 | K84: =J84*Q84 -> 566181 | L84: =$L$21 -> 3602 | M84: =$M$21 -> 3784 | N84: =$N$21 -> 4043 | O84: =$O$21 -> 4376 | P84: =$P$21 -> 4685 | Q84: =$Q$4 -> 129 | R84: =E84*L84*Q84 -> 177964014 | S84: =F84*M84*Q84 -> 676068360 | T84: =G84*N84*Q84 -> 566400042 | U84: =H84*O84*Q84 -> 678533808 | V84: =I84*P84*Q84 -> 201253545 | W84: =SUM(R84:V84) -> 2300219769
A85: CENTRO | B85: PIENDAMO | C85: MAYORITARIA | D85: CAA | E85: 14 | F85: 79 | G85: 66 | H85: 81 | I85: 38 | J85: =SUM(E85:I85) -> 278 | K85: =J85*Q85 -> 35862 | L85: =$L$22 -> 4717 | M85: =$M$22 -> 5101 | N85: =$N$22 -> 5447 | O85: =$O$22 -> 6028 | P85: =$P$22 -> 6513 | Q85: =$Q$4 -> 129 | R85: =E85*L85*Q85 -> 8518902 | S85: =F85*M85*Q85 -> 51984291 | T85: =G85*N85*Q85 -> 46375758 | U85: =H85*O85*Q85 -> 62986572 | V85: =I85*P85*Q85 -> 31926726 | W85: =SUM(R85:V85) -> 201792249
A86: CENTRO | B86: PIENDAMO | C86: IND.-TOTOGUAMPA-CRIC | D86: CAJM-TPS. | E86: 24 | F86: 55 | G86: 44 | H86: 91 | I86: 33 | J86: =SUM(E86:I86) -> 247 | K86: =J86*Q86 -> 31863 | L86: ='1,1 SUMINISTRAR COM. PRE UNI. '!E129 -> 5411 | M86: =$L$86 -> 5411 | N86: =$L$86 -> 5411 | O86: =$L$86 -> 5411 | P86: =$L$86 -> 5411 | Q86: =$Q$4 -> 129 | R86: =E86*L86*Q86 -> 16752456 | S86: =F86*M86*Q86 -> 38391045 | T86: =G86*N86*Q86 -> 30712836 | U86: =H86*O86*Q86 -> 63519729 | V86: =I86*P86*Q86 -> 23034627 | W86: =SUM(R86:V86) -> 172410693
A87: CENTRO | B87: PIENDAMO | C87: IND.-GUAMBIA | D87: CAJM-TPS. | E87: 20 | F87: 130 | G87: 106 | H87: 248 | I87: 103 | J87: =SUM(E87:I87) -> 607 | K87: =J87*Q87 -> 78303 | L87: 5385 | M87: 5385 | N87: 5385 | O87: 5385 | P87: 5385 | Q87: =$Q$4 -> 129 | R87: =E87*L87*Q87 -> 13893300 | S87: =F87*M87*Q87 -> 90306450 | T87: =G87*N87*Q87 -> 73634490 | U87: =H87*O87*Q87 -> 172276920 | V87: =I87*P87*Q87 -> 71550495 | W87: =SUM(R87:V87) -> 421661655
A88: NORTE | B88: PTO TEJADA | C88: CON.COM-NORTE | D88: CAJM-T PS, CAJM-T, CCT | E88: 437 | F88: 1363 | G88: 1032 | H88: 1684 | I88: 688 | J88: =SUM(E88:I88) -> 5204 | K88: =J88*Q88 -> 671316 | L88: =$L$40 -> 3304 | M88: =$M$40 -> 3486 | N88: =$N$40 -> 3745 | O88: =$O$40 -> 4078 | P88: =$P$40 -> 4387 | Q88: =$Q$4 -> 129 | R88: =E88*L88*Q88 -> 186256392 | S88: =F88*M88*Q88 -> 612932922 | T88: =G88*N88*Q88 -> 498564360 | U88: =H88*O88*Q88 -> 885888408 | V88: =I88*P88*Q88 -> 389355024 | W88: =SUM(R88:V88) -> 2572997106
A89: NORTE | B89: PTO TEJADA | C89: CON.COM-NORTE | D89: CAA | E89: 0 | F89: 0 | G89: 0 | H89: 178 | I89: 135 | J89: =SUM(E89:I89) -> 313 | K89: =J89*Q89 -> 40377 | L89: =$L$64 -> 4219 | M89: =$M$64 -> 4603 | N89: =$N$64 -> 4949 | O89: =$O$64 -> 5530 | P89: =$P$64 -> 6015 | Q89: =$Q$4 -> 129 | R89: =E89*L89*Q89 -> 0 | S89: =F89*M89*Q89 -> 0 | T89: =G89*N89*Q89 -> 0 | U89: =H89*O89*Q89 -> 126979860 | V89: =I89*P89*Q89 -> 104751225 | W89: =SUM(R89:V89) -> 231731085
A90: ORIENTE | B90: PURACE | C90: IND.-KOKONUCO-CRIC | D90: CAJM-TPS. | E90: 76 | F90: 222 | G90: 185 | H90: 473 | I90: 82 | J90: =SUM(E90:I90) -> 1038 | K90: =J90*Q90 -> 133902 | L90: ='1,1 SUMINISTRAR COM. PRE UNI. '!E117 -> 5411 | M90: =$L$90 -> 5411 | N90: =$L$90 -> 5411 | O90: =$L$90 -> 5411 | P90: =$L$90 -> 5411 | Q90: =$Q$4 -> 129 | R90: =E90*L90*Q90 -> 53049444 | S90: =F90*M90*Q90 -> 154960218 | T90: =G90*N90*Q90 -> 129133515 | U90: =H90*O90*Q90 -> 330162987 | V90: =I90*P90*Q90 -> 57237558 | W90: =SUM(R90:V90) -> 724543722
A91: ORIENTE | B91: PURACE | C91: IND.-KOKONUCO-CRIC | D91: CAA | E91: 0 | F91: 0 | G91: 0 | H91: 0 | I91: 81 | J91: =SUM(E91:I91) -> 81 | K91: =J91*Q91 -> 10449 | L91: ='1,1 SUMINISTRAR COM. PRE UNI. '!J117 -> 5871 | M91: =$L$91 -> 5871 | N91: =$L$91 -> 5871 | O91: =$L$91 -> 5871 | P91: =$L$91 -> 5871 | Q91: =$Q$4 -> 129 | R91: =E91*L91*Q91 -> 0 | S91: =F91*M91*Q91 -> 0 | T91: =G91*N91*Q91 -> 0 | U91: =H91*O91*Q91 -> 0 | V91: =I91*P91*Q91 -> 61346079 | W91: =SUM(R91:V91) -> 61346079
A92: ORIENTE | B92: PURACE | C92: IND.-UT-CRIC | D92: CAJM-TPS. | E92: 131 | F92: 390 | G92: 352 | H92: 470 | I92: 211 | J92: =SUM(E92:I92) -> 1554 | K92: =J92*Q92 -> 200466 | L92: =$L$38 -> 5411 | M92: =$L$38 -> 5411 | N92: =$L$38 -> 5411 | O92: =$L$38 -> 5411 | P92: =$L$38 -> 5411 | Q92: =$Q$4 -> 129 | R92: =E92*L92*Q92 -> 91440489 | S92: =F92*M92*Q92 -> 272227410 | T92: =G92*N92*Q92 -> 245702688 | U92: =H92*O92*Q92 -> 328068930 | V92: =I92*P92*Q92 -> 147282009 | W92: =SUM(R92:V92) -> 1084721526
A93: MACIZO | B93: ROSAS | C93: MAYORITARIA | D93: CAJM-T PS, CAJM-T RI, CCT | E93: 67 | F93: 164 | G93: 129 | H93: 244 | I93: 24 | J93: =SUM(E93:I93) -> 628 | K93: =J93*Q93 -> 81012 | L93: =$L$4 -> 4145 | M93: =$M$4 -> 4327 | N93: =$N$4 -> 4586 | O93: =$O$4 -> 4919 | P93: =$P$4 -> 5228 | Q93: =$Q$4 -> 129 | R93: =E93*L93*Q93 -> 35825235 | S93: =F93*M93*Q93 -> 91542012 | T93: =G93*N93*Q93 -> 76315626 | U93: =H93*O93*Q93 -> 154830444 | V93: =I93*P93*Q93 -> 16185888 | W93: =SUM(R93:V93) -> 374699205
A94: MACIZO | B94: ROSAS | C94: MAYORITARIA | D94: CAA | E94: 0 | F94: 0 | G94: 0 | H94: 0 | I94: 71 | J94: =SUM(E94:I94) -> 71 | K94: =J94*Q94 -> 9159 | L94: =$L$5 -> 4619 | M94: =$M$5 -> 5003 | N94: =$N$5 -> 5349 | O94: =$O$5 -> 5930 | P94: =$P$5 -> 6415 | Q94: =$Q$4 -> 129 | R94: =E94*L94*Q94 -> 0 | S94: =F94*M94*Q94 -> 0 | T94: =G94*N94*Q94 -> 0 | U94: =H94*O94*Q94 -> 0 | V94: =I94*P94*Q94 -> 58754985 | W94: =SUM(R94:V94) -> 58754985
A95: MACIZO | B95: SAN SEBASTIAN | C95: MAYORITARIA | D95: CAJM-T PS, CAJM-T RI, CCT | E95: 45 | F95: 149 | G95: 103 | H95: 166 | I95: 0 | J95: =SUM(E95:I95) -> 463 | K95: =J95*Q95 -> 59727 | L95: =$L$4 -> 4145 | M95: =$M$4 -> 4327 | N95: =$N$4 -> 4586 | O95: =$O$4 -> 4919 | P95: =$P$4 -> 5228 | Q95: =$Q$4 -> 129 | R95: =E95*L95*Q95 -> 24061725 | S95: =F95*M95*Q95 -> 83169267 | T95: =G95*N95*Q95 -> 60934182 | U95: =H95*O95*Q95 -> 105335466 | V95: =I95*P95*Q95 -> 0 | W95: =SUM(R95:V95) -> 273500640
A96: MACIZO | B96: SAN SEBASTIAN | C96: MAYORITARIA | D96: CAA | E96: 0 | F96: 0 | G96: 0 | H96: 0 | I96: 74 | J96: =SUM(E96:I96) -> 74 | K96: =J96*Q96 -> 9546 | L96: =$L$5 -> 4619 | M96: =$M$5 -> 5003 | N96: =$N$5 -> 5349 | O96: =$O$5 -> 5930 | P96: =$P$5 -> 6415 | Q96: =$Q$4 -> 129 | R96: =E96*L96*Q96 -> 0 | S96: =F96*M96*Q96 -> 0 | T96: =G96*N96*Q96 -> 0 | U96: =H96*O96*Q96 -> 0 | V96: =I96*P96*Q96 -> 61237590 | W96: =SUM(R96:V96) -> 61237590
A97: MACIZO | B97: SAN SEBASTIAN | C97: IND.-PMY-CRIC | D97: CAJM-TPS. | E97: 41 | F97: 110 | G97: 57 | H97: 125 | I97: 23 | J97: =SUM(E97:I97) -> 356 | K97: =J97*Q97 -> 45924 | L97: =$L$49 -> 5411 | M97: =$L$49 -> 5411 | N97: =$L$49 -> 5411 | O97: =$L$49 -> 5411 | P97: =$L$49 -> 5411 | Q97: =$Q$4 -> 129 | R97: =E97*L97*Q97 -> 28618779 | S97: =F97*M97*Q97 -> 76782090 | T97: =G97*N97*Q97 -> 39787083 | U97: =H97*O97*Q97 -> 87252375 | V97: =I97*P97*Q97 -> 16054437 | W97: =SUM(R97:V97) -> 248494764
A98: MACIZO | B98: SAN SEBASTIAN | C98: IND.-PMY-CRIC | D98: CAA | E98: 2 | F98: 7 | G98: 5 | H98: 46 | I98: 52 | J98: =SUM(E98:I98) -> 112 | K98: =J98*Q98 -> 14448 | L98: =$L$54 -> 7522 | M98: =$L$54 -> 7522 | N98: =$L$54 -> 7522 | O98: =$L$54 -> 7522 | P98: =$L$54 -> 7522 | Q98: =$Q$4 -> 129 | R98: =E98*L98*Q98 -> 1940676 | S98: =F98*M98*Q98 -> 6792366 | T98: =G98*N98*Q98 -> 4851690 | U98: =H98*O98*Q98 -> 44635548 | V98: =I98*P98*Q98 -> 50457576 | W98: =SUM(R98:V98) -> 108677856
A99: MACIZO | B99: SANTA ROSA | C99: MAYORITARIA | D99: CAJM-T PS, CAJM-T RI, CCT | E99: 57 | F99: 152 | G99: 109 | H99: 227 | I99: 10 | J99: =SUM(E99:I99) -> 555 | K99: =J99*Q99 -> 71595 | L99: =$L$4 -> 4145 | M99: =$M$4 -> 4327 | N99: =$N$4 -> 4586 | O99: =$O$4 -> 4919 | P99: =$P$4 -> 5228 | Q99: =$Q$4 -> 129 | R99: =E99*L99*Q99 -> 30478185 | S99: =F99*M99*Q99 -> 84843816 | T99: =G99*N99*Q99 -> 64483746 | U99: =H99*O99*Q99 -> 144043077 | V99: =I99*P99*Q99 -> 6744120 | W99: =SUM(R99:V99) -> 330592944
A100: MACIZO | B100: SANTA ROSA | C100: MAYORITARIA | D100: CAA | E100: 0 | F100: 0 | G100: 0 | H100: 0 | I100: 58 | J100: =SUM(E100:I100) -> 58 | K100: =J100*Q100 -> 7482 | L100: =$L$5 -> 4619 | M100: =$M$5 -> 5003 | N100: =$N$5 -> 5349 | O100: =$O$5 -> 5930 | P100: =$P$5 -> 6415 | Q100: =$Q$4 -> 129 | R100: =E100*L100*Q100 -> 0 | S100: =F100*M100*Q100 -> 0 | T100: =G100*N100*Q100 -> 0 | U100: =H100*O100*Q100 -> 0 | V100: =I100*P100*Q100 -> 47997030 | W100: =SUM(R100:V100) -> 47997030
...

Sheet 1,2 SUMINISTRAR CANASTA R.E 
B2: SUMINISTRAR CANASTAS DE ALIMENTOS EN RECESO ESCOLAR
D3: BENEFICIARIOS | E3: VALOR CANASTA | F3: VALOS ASIGNADO
D4: 36644 | E4: 130600 | F4: 4785706400

Sheet 1.3 SEGUMIENTO MyC
C2: PRESUPUESTO MANO DE OBRA CALIFICADA (PROFESIONALES EQUIPO PAE Y PROFESIONALE DE APOYO A LA SUPERVISIÓN)
C3: AREA | D3: PERFIL/CARGOS | E3: Cantidad | F3: Valor individual | G3: Plazo en meses | H3: SubTotal
C4: EQUIPO PAE | D4: Tecnólogo en áreas administrativas, gestión documental, gestión empresarial, archivo o afines. | E4: 1 | F4: 3136000 | G4: 12 | H4: =E4*F4*G4 -> 37632000
D5: Técnico en áreas administrativas, gestión documental, gestión empresarial, archivo o afines. | E5: 2 | F5: 2800000 | G5: 12 | H5: =E5*F5*G5 -> 67200000
D6: Apoyo a la Coordinación del Programa de Alimentación Escolar-PAE. | E6: 1 | F6: 4704000 | G6: 12 | H6: =E6*F6*G6 -> 56448000
D7: Ingeniero de Alimentos y/o Agroindutrial Equipo PAE Eje de Calidad e Inocuidad Programa de Alimentación Escolar. | E7: 1 | F7: 4256000 | G7: 12 | H7: =E7*F7*G7 -> 51072000
D8: Nutricionista Equipo PAE Eje Alimentación Saludable y Sostenible Programa de Alimentación Escolar. | E8: 1 | F8: 4256000 | G8: 12 | H8: =E8*F8*G8 -> 51072000
D9: Contador Equipo PAE Eje Financiero Programa de Alimentación Escolar. | E9: 1 | F9: 4256000 | G9: 12 | H9: =E9*F9*G9 -> 51072000
D10: Abogado Equipo PAE Eje de Transparencia Programa de Alimentación Escolar. | E10: 1 | F10: 4256000 | G10: 12 | H10: =E10*F10*G10 -> 51072000
C11: APOYO A LA SUPERVISION | D11: Abogado Apoyo a la Supervisión Eje de Transparencia Programa de Alimentación Escolar. | E11: 1 | F11: 4256000 | G11: 12 | H11: =E11*F11*G11 -> 51072000
D12: Profesional de Apoyo a la Supervisión Componente Cobertura-Eje de Cobertura programa de Alimentación Escolar. | E12: 3 | F12: 4256000 | G12: 12 | H12: =E12*F12*G12 -> 153216000
D13: Profesional de Apoyo a la supervisión Componente Técnico de Campo-Eje de Calidad e Inocuidad Programa de Alimentación Escolar. | E13: 10 | F13: 4256000 | G13: 12 | H13: =E13*F13*G13 -> 510720000
D14: Profesional de Apoyo a la Supervisión Componente Técnico -Eje de Calidad e Inocuidad Programa de Alimentación Escolar. | E14: 3 | F14: 4256000 | G14: 12 | H14: =E14*F14*G14 -> 153216000
D15: Profesional de Apoyo a la Supervisión componente Financiero Programa de Alimentación Escolar. | E15: 3 | F15: 4256000 | G15: 12 | H15: =E15*F15*G15 -> 153216000
C16: TOTALES | E16: =SUM(E4:E15) -> 28 | H16: =SUM(H4:H15) -> 1387008000
C19: PRESUPUESTO GASTOS DE DESPLAZAMIENTO – HOSPEDAJE VISITAS DE SEGUIMIENTO EN CAMPO
C20: Para la elaboración del presupuesto para gastos de desplazamiento se tuvieron en cuenta los rubros de manutención para cada visita y se pondero el gasto de desplazamiento teniendo en cuenta que esta se debe realizar a diferentes sedes educativas que se ubican en la zona urbana y rural de los 41 municipios no certificados, el recurso presupuestado se tiene proyectado agotarlo en un 100% y de ser necesario por disponiblidad de recursos se apropiaran para incrementar el presupuesto el rubro en el proyecto.
C21: GASTOS DE PERMANENCIA ACTIVIDAD
C22: SMLMV 2025 | D22: 1423500
C23: SUBREGIÓN | D23: MUNICIPIOS | E23: TRANSPORTE | F23: NUMERO DE DIAS SIN PERNOCTAR | G23: NUMERO DE DIAS PERNOCTADOS | H23: NO PERNOCTADO | I23: PERNOCTADO | J23: VALOR SIN PERNOCTAR | K23: VALOR PERNOCTADO | L23: VALOR TOTAL
C24: CENTRO | D24: CAJIBIO | E24: 4500000 | F24: 30 | G24: 0 | H24: 0.05 | I24: 0 | J24: =(D$22*H24)*F24 -> 2135250 | K24: =(D$22*I24)*G24 -> 0 | L24: =+E24+J24+K24 -> 6635250
C25: CENTRO | D25: EL TAMBO | E25: 4800000 | F25: 26 | G25: 4 | H25: 0.05 | I25: 0.1 | J25: =(D$22*H25)*F25 -> 1850550 | K25: =(D$22*I25)*G25 -> 569400 | L25: =+E25+J25+K25 -> 7219950
C26: CENTRO | D26: MORALES | E26: 6400000 | F26: 30 | G26: 10 | H26: 0.05 | I26: 0.1 | J26: =(D$22*H26)*F26 -> 2135250 | K26: =(D$22*I26)*G26 -> 1423500 | L26: =+E26+J26+K26 -> 9958750
C27: CENTRO | D27: PIENDAMO | E27: 2800000 | F27: 28 | G27: 0 | H27: 0.05 | I27: 0 | J27: =(D$22*H27)*F27 -> 1992900 | K27: =(D$22*I27)*G27 -> 0 | L27: =+E27+J27+K27 -> 4792900
C28: CENTRO | D28: PURACÉ | E28: 2334150 | F28: 20 | G28: 0 | H28: 0.05 | I28: 0 | J28: =(D$22*H28)*F28 -> 1423500 | K28: =(D$22*I28)*G28 -> 0 | L28: =+E28+J28+K28 -> 3757650
C29: CENTRO | D29: SILVIA | E29: 4900000 | F29: 30 | G29: 0 | H29: 0.05 | I29: 0 | J29: =(D$22*H29)*F29 -> 2135250 | K29: =(D$22*I29)*G29 -> 0 | L29: =+E29+J29+K29 -> 7035250
C30: CENTRO | D30: SOTARÁ | E30: 1900000 | F30: 16 | G30: 0 | H30: 0.05 | I30: 0 | J30: =(D$22*H30)*F30 -> 1138800 | K30: =(D$22*I30)*G30 -> 0 | L30: =+E30+J30+K30 -> 3038800
C31: CENTRO | D31: TIMBIO | E31: 2000000 | F31: 20 | G31: 0 | H31: 0.05 | I31: 0 | J31: =(D$22*H31)*F31 -> 1423500 | K31: =(D$22*I31)*G31 -> 0 | L31: =+E31+J31+K31 -> 3423500
C32: COSTA PACIFICA | D32: GUAPI | E32: 11000000 | F32: 2 | G32: 10 | H32: 0.08 | I32: 0.15 | J32: =(D$22*H32)*F32 -> 227760 | K32: =(D$22*I32)*G32 -> 2135250 | L32: =(J32*F32)+(K32*G32)+E32 -> 32808020
C33: COSTA PACIFICA | D33: LOPEZ DE MICAY | E33: 10000000 | F33: 2 | G33: 10 | H33: 0.08 | I33: 0.15 | J33: =(D$22*H33)*F33 -> 227760 | K33: =(D$22*I33)*G33 -> 2135250 | L33: =(J33*F33)+(K33*G33)+E33 -> 31808020
C34: COSTA PACIFICA | D34: TIMBIQUÍ | E34: 9000000 | F34: 2 | G34: 10 | H34: 0.08 | I34: 0.15 | J34: =(D$22*H34)*F34 -> 227760 | K34: =(D$22*I34)*G34 -> 2135250 | L34: =(J34*F34)+(K34*G34)+E34 -> 30808020
C35: MACIZO | D35: ALMAGUER | E35: 4800000 | F35: 8 | G35: 16 | H35: 0.05 | I35: 0.1 | J35: =(D$22*H35)*F35 -> 569400 | K35: =(D$22*I35)*G35 -> 2277600 | L35: =+E35+J35+K35 -> 7647000
C36: MACIZO | D36: LA SIERRA | E36: 2251800 | F36: 18 | G36: 0 | H36: 0.05 | I36: 0 | J36: =(D$22*H36)*F36 -> 1281150 | K36: =(D$22*I36)*G36 -> 0 | L36: =+E36+J36+K36 -> 3532950
C37: MACIZO | D37: LA VEGA | E37: 2700000 | F37: 9 | G37: 9 | H37: 0.05 | I37: 0.1 | J37: =(D$22*H37)*F37 -> 640575 | K37: =(D$22*I37)*G37 -> 1281150 | L37: =+E37+J37+K37 -> 4621725
C38: MACIZO | D38: PIAMONTE | E38: 2880000 | G38: 10 | H38: 0.08 | I38: 0.15 | J38: =(D$22*H38)*F38 -> 0 | K38: =(D$22*I38)*G38 -> 2135250 | L38: =(J38*F38)+(K38*G38)+E38 -> 24232500
C39: MACIZO | D39: ROSAS | E39: 1900000 | F39: 16 | G39: 0 | H39: 0.05 | I39: 0 | J39: =(D$22*H39)*F39 -> 1138800 | K39: =(D$22*I39)*G39 -> 0 | L39: =+E39+J39+K39 -> 3038800
C40: MACIZO | D40: SAN SEBASTIÁN | E40: 2700000 | F40: 7 | G40: 14 | H40: 0.05 | I40: 0.1 | J40: =(D$22*H40)*F40 -> 498225 | K40: =(D$22*I40)*G40 -> 1992900 | L40: =+E40+J40+K40 -> 5191125
C41: MACIZO | D41: SANTA ROSA | E41: 5000000 | F41: 7 | G41: 14 | H41: 0.05 | I41: 0.15 | J41: =(D$22*H41)*F41 -> 498225 | K41: =(D$22*I41)*G41 -> 2989350 | L41: =+E41+J41+K41 -> 8487575
C42: NORTE | D42: BUENOS AIRES | E42: 2600000 | F42: 10 | G42: 10 | H42: 0.05 | I42: 0.1 | J42: =(D$22*H42)*F42 -> 711750 | K42: =(D$22*I42)*G42 -> 1423500 | L42: =+E42+J42+K42 -> 4735250
C43: NORTE | D43: CALDONO | E43: 4403000 | F43: 30 | G43: 0 | H43: 0.05 | I43: 0 | J43: =(D$22*H43)*F43 -> 2135250 | K43: =(D$22*I43)*G43 -> 0 | L43: =+E43+J43+K43 -> 6538250
C44: NORTE | D44: CALOTO | E44: 2634150 | F44: 9 | G44: 9 | H44: 0.05 | I44: 0.1 | J44: =(D$22*H44)*F44 -> 640575 | K44: =(D$22*I44)*G44 -> 1281150 | L44: =+E44+J44+K44 -> 4555875
C45: NORTE | D45: CORINTO | E45: 3000000 | F45: 10 | G45: 10 | H45: 0.05 | I45: 0.1 | J45: =(D$22*H45)*F45 -> 711750 | K45: =(D$22*I45)*G45 -> 1423500 | L45: =+E45+J45+K45 -> 5135250
C46: NORTE | D46: GUACHENÉ | E46: 1400000 | F46: 5 | G46: 5 | H46: 0.05 | I46: 0.1 | J46: =(D$22*H46)*F46 -> 355875 | K46: =(D$22*I46)*G46 -> 711750 | L46: =+E46+J46+K46 -> 2467625
C47: NORTE | D47: MIRANDA | E47: 2600000 | F47: 6 | G47: 10 | H47: 0.05 | I47: 0.1 | J47: =(D$22*H47)*F47 -> 427050 | K47: =(D$22*I47)*G47 -> 1423500 | L47: =+E47+J47+K47 -> 4450550
C48: NORTE | D48: PADILLA | E48: 1000000 | F48: 6 | G48: 6 | H48: 0.05 | I48: 0.1 | J48: =(D$22*H48)*F48 -> 427050 | K48: =(D$22*I48)*G48 -> 854100 | L48: =+E48+J48+K48 -> 2281150
C49: NORTE | D49: PUERTO TEJADA | E49: 2700000 | F49: 22 | G49: 0 | H49: 0.05 | I49: 0 | J49: =(D$22*H49)*F49 -> 1565850 | K49: =(D$22*I49)*G49 -> 0 | L49: =+E49+J49+K49 -> 4265850
C50: NORTE | D50: SANTANDER Q | E50: 4900000 | F50: 30 | G50: 15 | H50: 0.05 | I50: 0.15 | J50: =(D$22*H50)*F50 -> 2135250 | K50: =(D$22*I50)*G50 -> 3202875 | L50: =+E50+J50+K50 -> 10238125
... C61: SUR | D61: FLORENCIA | E61: 1200000 | F61: 5 | G61: 5 | H61: 0.05 | I61: 0.1 | J61: =(D$22*H61)*F61 -> 355875 | K61: =(D$22*I61)*G61 -> 711750 | L61: =+E61+J61+K61 -> 2267625
C62: SUR | D62: MERCADERES | E62: 3200000 | F62: 20 | H62: 0.05 | I62: 0 | J62: =(D$22*H62)*F62 -> 1423500 | K62: =(D$22*I62)*G62 -> 0 | L62: =(J62*F62)+(K62*G62)+E62 -> 31670000
C63: SUR | D63: PATÍA | E63: 4800000 | F63: 40 | G63: 0 | H63: 0.05 | I63: 0 | J63: =(D$22*H63)*F63 -> 2847000 | K63: =(D$22*I63)*G63 -> 0 | L63: =+E63+J63+K63 -> 7647000
C64: SUR | D64: SUCRE | E64: 2200000 | F64: 6 | G64: 6 | H64: 0.05 | I64: 0.1 | J64: =(D$22*H64)*F64 -> 427050 | K64: =(D$22*I64)*G64 -> 854100 | L64: =+E64+J64+K64 -> 3481150
J65: TOTAL | L65: =SUM(L24:L64) -> 345971100
C66: Transporte | E66: =SUM(E24:E64) -> 152645565 | F66: Gastos de permanencia | I66: =+L65-E66 -> 193325535
